 Dungeon Crawl Stone Soup version 0.32-a0-312-g1d7162e751 (webtiles) character file.

Game seed: 7407511436148785086

9097140 Jannitor the Conqueror (level 27, 323/323 HPs)
             Began as an Oni Chaos Knight on Feb 9, 2024.
             Was a Favourite Plaything of Xom.
             Escaped with the Orb
             ... and 11 runes on Feb 15, 2024!
             The game lasted 04:17:54 (97795 turns).

Jannitor the Conqueror (Oni Chaos Knight)          Turns: 97795, Time: 04:17:54

Health: 323/323    AC: 20    Str: 34    XL:     27
Magic:  42/42      EV: 23    Int: 19    God:    Xom [.*....]
Gold:   12596      SH: 16    Dex:  9    Spells: 31/57 levels left

rFire   + + .        a - +13 sceptre of Asmodeus
rCold   + + .        L - +1 kite shield of the Black Moon {rElec rN+ MP-9 Slay+2}
rNeg    + + +        R - +5 faerie dragon scales {rF+ rCorr}
rPois   +            (helmet unavailable)
rElec   +            A - scarf of Keniroli {repulsion, Regen+ Str+3}
rCorr   +            (gloves unavailable)
SInv    .            (boots unavailable)
Will    +++++        n - amulet "Gihen" {RegenMP rPois rN+ MP+9}
Stlth   ++           s - ring of Cuehukah {rF+ rC+ rN+ EV+5}
HPRegen 1.53/turn    G - ring of Past Mistakes {^Drain rPois rN+ Will+ EV+5}
MPRegen 0.68/turn

%: repel missiles
@: studying 4 skills
A: large, unfitting armour, horns 3, tough skin 1, double potion healing,
drunken brawling, iridescent scales 1, thin skeletal structure 1, clever 1, cold
resistance 1, strong-willed 2, mutation resistance 1, poison resistance, wild
magic 1, inability to drink after injury 1, MP-powered wands
0: Orb of Zot
}: 11/15 runes: decaying, serpentine, slimy, silver, obsidian, abyssal, demonic,
glowing, magical, fiery, dark
a: Renounce Religion


You escaped.
You worshipped Xom.
You were a plaything of Xom.
You visited 14 branches of the dungeon, and saw 64 of its levels.
You visited Pandemonium 1 time, and saw 14 of its levels.
You visited the Abyss 1 time.
You visited 1 ziggurat, and saw 10 of its levels.
You also visited: Trove, Gauntlet and Desolation.

You collected 15601 gold pieces.
You spent 3005 gold pieces at shops.

Inventory:

Hand Weapons
 a - the +13 sceptre of Asmodeus (weapon)
   (You took it off Asmodeus on level 7 of Gehenna)

   Fire Summon: It may summon demons of flame and damnation when striking foes.
 J - a +9 sacred scourge of holy wrath
Missiles
 f - 19 silver javelins
 M - 34 javelins
 T - 99 large rocks (quivered)
Armour
 b - the +2 cloak of the Thief {*Fog Slay-2 SInv Stlth+}
   (You found it on level 6 of a ziggurat)

   *Fog:      It may release a thick cloud of smoke when the wearer is hurt.
   Slay-2:    It affects your accuracy & damage with ranged weapons and melee
   (-2).
   SInv:      It lets you see invisible.
   Stlth+:    It makes you more stealthy.
 A - the scarf of Keniroli (worn) {repulsion, Regen+ Str+3}
   (You found it in a treasure trove)

   Str+3:     It affects your strength (+3).
   Regen+:    It increases your rate of health regeneration.
 L - the +1 kite shield of the Black Moon (worn) {rElec rN+ MP-9 Slay+2}
   (You found it in Pandemonium)

   Slay+2:    It affects your accuracy & damage with ranged weapons and melee
   (+2).
   rElec:     It insulates you from electricity.
   rN+:       It protects you from negative energy.
   MP-9:      It affects your magic capacity (-9).
 R - the +5 faerie dragon scales (worn) {rF+ rCorr}
   (You took it off the Enchantress on level 1 of the Depths)

   rF+:       It protects you from fire.
   rCorr:     It protects you from acid and corrosion.
Jewellery
 n - the amulet "Gihen" (around neck) {RegenMP rPois rN+ MP+9}
   (You acquired it on level 4 of the Depths)

   [amulet of magic regeneration]

   RegenMP:   It increases your rate of magic regeneration.
   rPois:     It protects you from poison rN+: It protects you from negative
   energy.
   MP+9:      It affects your magic capacity (+9).
 s - the ring of Cuehukah (left hand) {rF+ rC+ rN+ EV+5}
   (You took it off a deep elf demonologist on level 3 of the Elven Halls)

   [ring of evasion]

   EV+5:      It affects your evasion (+5).
   rF+:       It protects you from fire.
   rC+:       It protects you from cold.
   rN+:       It protects you from negative energy.
 G - the ring of Past Mistakes (right hand) {^Drain rPois rN+ Will+ EV+5}
   (You found it in the Desolation of Salt)

   [ring of evasion]

   EV+5:      It affects your evasion (+5).
   rPois:     It protects you from poison rN+: It protects you from negative
   energy.
   Will+:     It increases your willpower.
   ^Drain:    It drains your maximum health when unequipped.
 K - the ring "Enitromn" {rC+ Dex+6 Stlth+}
   (You found it in a treasure trove)

   [ring of dexterity]

   Dex+6:     It affects your dexterity (+6).
   rC+:       It protects you from cold.
   Stlth+:    It makes you more stealthy.
 N - an amulet of regeneration
Wands
 c - a wand of polymorph (26)
 j - a wand of roots (40)
 q - a wand of light (33)
 w - a wand of digging (50)
 I - a wand of charming (83)
 U - a wand of mindburst (60)
Scrolls
 g - 9 scrolls of teleportation
 h - 16 scrolls of fog
 m - 5 scrolls of enchant armour
 t - 15 scrolls of vulnerability
 v - 10 scrolls of revelation
 x - 5 scrolls of silence
 y - 7 scrolls of butterflies
 S - 14 scrolls of immolation
Potions
 d - 8 potions of lignification
 e - 5 potions of heal wounds
 l - 3 potions of might
 p - 8 potions of invisibility
 r - 12 potions of enlightenment
 u - 7 potions of curing
 z - 6 potions of cancellation
 B - 7 potions of magic
 C - 5 potions of ambrosia
 D - 9 potions of mutation
 Q - 3 potions of resistance
 W - 5 potions of brilliance
 X - 2 potions of haste
 Z - 10 potions of attraction
Miscellaneous
 i - a phial of floods
 k - a condenser vane
 o - a tin of tremorstones (2/2)
 E - a sack of spiders
 F - a box of beasts
 P - the horn of Geryon (inert)
 V - a phantom mirror
 Y - a lightning rod (4/4)


   Skills:
 O Level 27 Fighting
 - Level 16.0 Maces & Flails
 + Level 24.9 Throwing
 - Level 23.9 Armour
 + Level 13.9 Dodging
 + Level 11.2 Stealth
 + Level 22.9 Shields
 + Level 15.6 Spellcasting
 + Level 3.6 Conjurations
 - Level 6.1 Hexes
 + Level 7.4 Summonings
 + Level 15.3 Translocations
 + Level 11.0 Air Magic
 - Level 12.2 Evocations
 + Level 19.6 Shapeshifting


You had 31 spell levels left.
You knew the following spells:

 Your Spells              Type           Power      Damage    Failure   Level
a - Blink                 Tloc           100%       N/A       1%          2
b - Manifold Assault      Tloc           76%        N/A       1%          4
c - Vhi's Electric Charg  Tloc/Air       100%       N/A       1%          4
d - Dispersal             Tloc           38%        N/A       2%          6
e - Summon Mana Viper     Hex/Summ       52%        N/A       13%         5
f - Arcjolt               Conj/Air       26%        1d36      11%         5

Your spell library contained the following spells:

 Spells                   Type           Power      Damage    Failure   Level
 Slow                     Hex            100%       N/A       1%          1
 Summon Small Mammal      Summ           100%       N/A       1%          1
 Call Imp                 Summ           100%       N/A       1%          2
 Jinxbite                 Hex            98%        N/A       1%          2
 Lesser Beckoning         Tloc           100%       N/A       1%          2
 Mercury Vapours          Alch/Air       92%        N/A       1%          2
 Momentum Strike          Conj/Tloc      100%       3d10      1%          2
 Call Canine Familiar     Summ           54%        N/A       1%          3
 Gell's Gravitas          Tloc           76%        N/A       1%          3
 Teleport Other           Tloc           76%        N/A       1%          3
 Volatile Blastmotes      Fire/Tloc      100%       2d18      1%          3
 Dimensional Bullseye     Hex/Tloc       32%        N/A       1%          4
 Passage of Golubria      Tloc           76%        N/A       1%          4
 Magic Dart               Conj           100%       1d8       2%          1
 Confusing Touch          Hex            49%        N/A       2%          3
 Tukima's Dance           Hex            49%        N/A       2%          3
 Iskenderun's Mystic Bla  Conj/Tloc      60%        2d13      2%          4
 Summon Forest            Summ/Tloc      33%        N/A       2%          5
 Cigotuvi's Dreadful Rot  Necr/Alch/Air  74%        N/A       3%          2
 Ensorcelled Hibernation  Hex/Ice        68%        N/A       3%          2
 Searing Ray              Conj           74%        2d7       3%          2
 Dazzling Flash           Conj/Hex       86%        N/A       3%          3
 Kiss of Death            Conj/Necr      100%       2d13      4%          1
 Sting                    Conj/Alch      100%       1d9       4%          1
 Summon Ice Beast         Ice/Summ       37%        N/A       5%          3
 Cause Fear               Hex            24%        N/A       6%          4
 Inner Flame              Hex/Fire       34%        N/A       7%          3
 Silence                  Hex/Air        29%        N/A       7%          5
 Necrotise                Necr           76%        1d7       8%          1
 Sandblast                Erth           38%        2d10      8%          1
 Hailstorm                Conj/Ice       28%        3d8       11%         3
 Stone Arrow              Conj/Erth      56%        3d10      11%         3
 Scorch                   Fire           38%        2d6       12%         2
 Sublimation of Blood     Necr           19%        N/A       12%         2
 Animate Armour           Summ/Erth      74%        N/A       16%         4
 Martyr's Knell           Necr/Summ      37%        N/A       16%         4
 Summon Blazeheart Golem  Fire/Summ      37%        N/A       16%         4
 Frozen Ramparts          Ice            38%        1d6       21%         3
 Fugue of the Fallen      Necr           19%        N/A       21%         3
 Ozocubu's Armour         Ice            19%        N/A       21%         3
 Passwall                 Erth           19%        N/A       21%         3
 Vampiric Draining        Necr           19%        2d7       21%         3
 Anguish                  Hex/Necr       17%        N/A       21%         4
 Freezing Cloud           Conj/Ice/Air   21%        6-21      26%         5
 Brom's Barrelling Bould  Conj/Erth      28%        2d5       32%         4
 Flame Wave               Conj/Fire      28%        2d9       32%         4
 Fulminant Prism          Conj/Alch      14%        3d9       32%         4
 Summon Cactus Giant      Summ           27%        N/A       43%         6
 Metabolic Englaciation   Hex/Ice        17%        N/A       45%         5
 Yara's Violent Unravell  Hex/Alch       17%        3d8       45%         5
 Malign Gateway           Summ/Tloc      33%        N/A       45%         7
 Animate Dead             Necr           19%        N/A       52%         4
 Dispel Undead            Necr           19%        3d11      52%         4
 Ignite Poison            Fire/Alch      19%        N/A       52%         4
 Leda's Liquefaction      Alch/Erth      9%         N/A       52%         4
 Olgreb's Toxic Radiance  Alch           19%        N/A       52%         4
 Petrify                  Alch/Erth      19%        N/A       52%         4
 Sticky Flame             Fire/Alch      19%        2d6       52%         4
 Disjunction              Tloc           38%        N/A       61%         8
 Fireball                 Conj/Fire      14%        3d8       63%         5
 Irradiate                Conj/Alch      14%        3d16      63%         5
 Plasma Beam              Fire/Air       23%        2x1d35    69%         6
 Borgnjor's Vile Clutch   Necr/Erth      9%         N/A       86%         5
 Summon Hydra             Summ           27%        N/A       93%         7
 Enfeeble                 Hex            24%        N/A       98%         7
 Starburst                Conj/Fire      14%        6d6       99%         6
 Spellforged Servitor     Conj/Summ      23%        N/A       99%         7
 Maxwell's Capacitive Co  Air            32%        ∞         99%         8
 Death Channel            Necr           9%         N/A       100%        6
 Sculpt Simulacrum        Ice/Alch       9%         N/A       100%        6
 Haunt                    Necr/Summ      18%        N/A       100%        7
 Orb of Destruction       Conj           18%        9d8       100%        7
 Ozocubu's Refrigeration  Ice            9%         4d9       100%        7
 Borgnjor's Revivificati  Necr           9%         N/A       100%        8
 Discord                  Hex            24%        N/A       100%        8
 Ignition                 Fire           9%         3d5       100%        8
 Infestation              Necr           9%         N/A       100%        8
 Lehudib's Crystal Spear  Conj/Erth      14%        10d5      100%        8
 Death's Door             Necr           9%         N/A       100%        9
 Dragon's Call            Summ           27%        N/A       100%        9
 Polar Vortex             Ice            9%         12d1*     100%        9


Dungeon Overview and Level Annotations

Branches:
Dungeon (15/15)            Temple (0/1) D:7            Lair (5/5) D:8
  Swamp (4/4) Lair:3        Snake (4/4) Lair:3        Slime (5/5) Lair:5
    Orc (2/2) D:11            Elf (3/3) Orc:2        Vaults (5/5) D:13
  Crypt (3/3) Vaults:3       Tomb (0/3) Crypt:3      Depths (4/4) D:15
   Hell (visited)             Dis (0/7) Hell            Geh (7/7) Hell
    Coc (1/7) Hell            Tar (0/7) Hell            Zot (5/5) Depths:4
Desolation (visited)      Gauntlet (visited)

Altars:
Ashenzari
Gozag
Kikubaaqudgha
Makhleb
Okawaru
Ru
Sif Muna
Vehumet
Xom
Yredelemnul
Zin
Beogh
Jiyva

Shops:
D:5 ?*:(!   D:9 [   Orc:2 *?*:   Elf:1 :   Elf:2 [   Snake:3 :=:   Vaults:2 *
Vaults:3 (   Depths:2 [

Portals:
Hell: Lair:5 Depths:1 Depths:2 Depths:3 Depths:4*
Abyss: Depths:3
Pandemonium: Depths:2

Annotations:
D:8 1 transporter


Innate Abilities, Weirdness & Mutations

You are too large for most types of armour.
You have a pair of large horns on your head.
You have tough skin. (AC +1)
You gain doubled healing and magic from potions.
Whenever you drink a healing potion, you attack all around you.
You are partially covered in iridescent scales. (AC +2)
You have a somewhat thin skeletal structure. (Dex +2, Stealth+)
Your mind is acute. (Int +4, Str/Dex -1)
Your flesh is cold resistant. (rC+)
You are highly strong-willed. (Will++)
You are somewhat resistant to further mutation.
Your system is resistant to poisons. (rPois)
Your spells are a little harder to cast, but a little more powerful.
You occasionally lose the ability to drink potions when taking damage.
You expend magic power (3 MP) to strengthen your wands.


Message History

You crush the chaos spawn like a grape!!!
The sceptre summons one of its terrible servants.
You kill the chaos spawn!
The chaos spawn degenerates into a cloud of primal chaos!
What level of the Dungeon? (default 1, ? - help)
Your balrug is engulfed in seething chaos.
There is a stone staircase leading up here.
You climb upwards.
Your summoned ally is left behind.
There is a stone staircase leading down here.
Magic restored. 4 golden eyes come into view.
Casting: Manifold Assault (safe; 1% risk of failure)
Confirm with . or Enter, or press ? or * to list all spells.
Space momentarily warps into an impossible shape!
You skewer the golden eye like a kebab!!!
You kill the golden eye!
You perforate the golden eye like a sieve!!!
The sceptre summons one of its terrible servants.
You kill the golden eye!
You miss the golden eye.
Casting: Manifold Assault (safe; 1% risk of failure)
Confirm with . or Enter, or press ? or * to list all spells.
Space momentarily warps into an impossible shape!
You puncture the golden eye!
You kill the golden eye!
You pound the golden eye like an anvil!!!
You kill the golden eye!
What level of the Dungeon? (default 1, ? - help) You're already here!
Unknown command.
A golden eye comes into view.
The golden eye turns its gaze towards you.
The golden eye blinks at you. You resist with almost no effort.
Your hellion gestures at the golden eye.
The sphere of damnation explodes!
The damnation engulfs the golden eye!!
The golden eye dies!
There is an open gate here.
There is a staircase leading out of the dungeon here.
You have escaped!

#........⌠..............#
#..................###..#
#..................# #..##
#..#####...#####...# #....
####..#...#####...#...###..#.
#.....#.ß.......ß.#....#.....
#.....#..........^#..#...##.#
#.....###.......###..#..##..#
#.......#...@...#....#..##...
#.......#...2...#.........#.#
#.......#.......#.....###...#
#.......#.......#.....####...
#.......#.......#.........#..
#.......###...###.....###....
####......#'''#.......# ####.
#..................######.
#.....♣.....♣.............


You could see a friendly hellion (summoned).

Vanquished Creatures
  the Royal Jelly (Slime:5)
  Mnoleg (Pan)
  Asmodeus (Geh:7)
  Gloorx Vloq (Pan)
  Ignacio (Pan)
  Lom Lobon (Pan)
  4 dread liches
  Frederick (Vaults:3)
  4 orbs of fire
  3 ancient liches
  Mara (Vaults:4)
  Xtahua (Crypt:2)
  Bai Suzhen (Depths:1)
  A shard shrike (Zig:7)
  Vashnia (Snake:4)
  Margery (Depths:4)
  The ghost of Wiewnimod the Metallomancer, a veteran GrEE of Ashenzari (Depths:3)
  9 caustic shrikes (Depths:4)
  Saint Roka (Vaults:3)
  Nikola (Snake:4)
  A curse toe (Zot:4)
  7 golden dragons
  the Enchantress (Depths:1)
  Geryon (Hell)
  Norris (Elf:1)
  9 Tzitzimimeh (Pan)
  5 pandemonium lords (Pan)
  A pearl dragon (Abyss:3)
  2 bone dragons
  A doom hound (Geh:5)
  A shard shrike zombie (Crypt:1)
  2 electric golems (Zot:3)
  11 tentacled monstrosities
  15 hellephants
  13 Brimstone Fiends
  An Ice Fiend (Zig:7)
  6 Hell Sentinels (Pan)
  Zenata (Vaults:1)
  2 walking crystal tomes (Depths:4)
  3 Orb Guardians (Zot:5)
  9 liches
  7 quicksilver dragons
  A shard shrike skeleton (Abyss:3)
  2 deep elf blademasters
  A deep elf master archer (Elf:3)
  19 searing wretches
  22 Executioners
  A walking frostbound tome (Depths:4)
  14 acid blobs
  8 sphinxes
  8 tentacled starspawn
  7 titans
  7 death cobs
  8 ancient champions
  Frances (Elf:1)
  Agnes (Snake:3)
  12 storm dragons
  Kirke (Elf:1)
  2 thorn hunters
  14 shadow dragons
  7 tengu reavers
  The ghost of GordonOverkill the Scorcher, an adept SpDe of Vehumet (Swamp:2)
  5 draconian monks
  11 azure jellies
  3 nagarajas (Snake:4)
  A nargun (Zig:7)
  5 deep elf sorcerers (Elf:3)
  8 demonspawn warmongers (Pan)
  8 protean progenitors (Pan)
  A draconian shifter (Zot:3)
  24 fire giants
  15 frost giants
  Louise (Swamp:1)
  3 rockslimes
  46 balrugs
  3 imperial myrmidons (Desolation)
  13 vault wardens
  7 draconian scorchers
  5 deep elf elementalists (Elf:3)
  4 iron dragons
  5 ghost moths
  A draconian stormcaller (Abyss:3)
  2 curse skulls (Pan)
  3 orc warlords
  2 ghouls
  4 angels
  7 spriggan defenders
  A caustic shrike zombie (Crypt:3)
  23 reapers
  12 demonspawn corrupters (Pan)
  13 ironbound preservers
  A broodmother (Pan)
  24 cacodemons
  19 very ugly things
  4 caustic shrike skeletons (Pan)
  2 draconian annihilators
  6 formless jellyfish
  24 stone giants
  10 quicksilver oozes
  3 ironbound thunderhulks
  7 demonspawn blood saints (Pan)
  4 deep elf demonologists (Elf:3)
  6 green draconians
  8 vampire knights
  4 juggernaut skeletons (Pan)
  8 black draconians
  4 eleionomae
  2 wendigos (Zig:7)
  11 war gargoyles
  A halazid warlock (Desolation)
  13 lorocyprocas
  9 deep elf death magi
  8 deep elf annihilators
  10 purple draconians
  7 yellow draconians
  A spark wasp (Depths:2)
  A minotaur (Gauntlet)
  A dire elephant (Lair:5)
  9 bunyips
  9 red draconians
  An elemental wellspring (Coc:1)
  4 white draconians
  8 demonspawn black suns
  2 merfolk javelineers (Zig:8)
  4 eidola
  11 ettins
  11 green deaths
  A merfolk impaler (Zig:8)
  7 crystal guardians
  7 jiangshi
  12 fire dragons
  2 shambling mangroves (Swamp:4)
  22 blizzard demons
  16 yaktaur captains
  A spriggan zombie (Hell)
  15 peacekeepers
  14 servants of whispers
  2 fenstrider witch zombies
  13 great orbs of eyes
  Fannar (Lair:2)
  3 deep elf high priests
  10 spriggan air magi
  6 ragged hierophants (Desolation)
  A caustic shrike simulacrum (Coc:1)
  5 rakshasas
  10 hell beasts
  3 ghost crabs
  13 anacondas
  4 ogre magi
  The ghost of Borsukrates the Severer, a journeyman HOCj of Sif Muna (D:11)
  A catoblepas (Lair:4)
  16 salamander tyrants
  21 hydras
  8 ice dragons
  33 vault guards
  Erica (D:11)
  5 centaur warriors
  11 ironbound frosthearts
  2 jorogumos (Pan)
  6 alligators
  9 stokers
  3 death knights
  3 two-headed ogres (shapeshifter) (Vaults:5)
  A boulder beetle (shapeshifter) (Depths:2)
  6 boulder beetles
  A merfolk aquamancer (Pan)
  23 two-headed ogres
  30 dancing weapons
  8 deep troll shamans
  14 naga warriors
  6 deep troll earth magi
  7 vampire magi
  A death yak (Lair:3)
  14 naga sharpshooters
  10 deep elf knights
  7 tengu warriors
  A shock serpent (shapeshifter) (Crypt:1)
  40 hell hogs
  A titan zombie (Crypt:3)
  An emperor scorpion zombie (Crypt:2)
  22 hell knights
  12 shock serpents
  15 thrashing horrors
  An occultist (Depths:1)
  9 spriggan berserkers
  12 demonic crawlers
  5 orc high priests
  Nergalle (Lair:2)
  2 storm dragon zombies
  95 sun demons
  4 shadow wraiths
  7 wretched stars (Abyss:3)
  3 hellephant skeletons (Pan)
  34 skeletal warriors
  20 spriggans
  4 skysharks
  A spectral bunyip (Swamp:2)
  A spectral spriggan (Swamp:2)
  10 sea snakes
  3 salamander mystics
  5 goliath frogs
  30 soul eaters
  52 deep trolls
  6 iron trolls
  A deep troll (shapeshifter) (Depths:4)
  2 cherubim (Pan)
  4 flayed ghosts
  7 spriggan druids
  12 sun moths (Pan)
  30 sixfirhies
  22 shadow demons
  2 anaconda zombies (Crypt:3)
  16 swamp dragons
  8 arcanists
  8 glowing orange brains
  8 lindwurms
  An iron giant skeleton (Crypt:1)
  A steelbarb worm (Zig:2)
  An orange crystal statue (Crypt:1)
  27 ironbound convokers
  16 mana vipers
  A steelbarb worm (shapeshifter) (D:13)
  5 bog bodies
  A bunyip skeleton (Crypt:3)
  8 naga ritualists
  Pikel (D:4)
  8 deep elf archers
  21 deep elf zephyrmancers
  12 necromancers
  3 harpies (Vaults:2)
  6 orc sorcerers
  16 phantasmal warriors
  29 deep elf pyromancers
  A human zombie (Vaults:1)
  6 manticores
  An iron dragon zombie (Hell)
  16 moths of wrath
  2 stone giant zombies
  5 will-o-the-wisps
  33 ugly things
  2 wolf spiders
  42 large abominations
  24 elephants
  5 shining eyes
  17 orc knights
  4 worldbinders
  A meliai (shapeshifter) (D:14)
  An apocalypse crab (Abyss:3)
  6 meliai (D:14)
  3 spectral centaurs (D:11)
  2 naga zombies
  15 salamanders
  4 kobold blastminers
  8 cyclopes
  12 rust devils
  46 black mambas
  A merfolk siren (Zig:8)
  2 eyes of devastation
  9 guardian serpents
  A water nymph (Zig:8)
  7 cane toads
  3 dire elephant zombies
  A black mamba (shapeshifter) (D:14)
  13 molten gargoyles
  2 torpor snails
  64 smoke demons
  20 naga magi
  A stone giant skeleton (Hell)
  13 vault sentinels
  A water nymph (shapeshifter) (Elf:1)
  26 orange demons
  4 gargoyles
  A dire elephant skeleton (Crypt:3)
  A centaur skeleton (Hell)
  6 freezing wraiths
  A komodo dragon (shapeshifter) (Elf:1)
  A catoblepas zombie (Crypt:2)
  8 komodo dragons
  2 unseen horrors
  A cane toad (shapeshifter) (D:13)
  3 naga skeletons
  10 rime drakes
  7 efreet
  An alligator snapping turtle skeleton (Crypt:2)
  29 hellions
  5 ancient zymes
  25 yaktaurs
  8 tengu conjurers
  A green draconian skeleton (Crypt:2)
  2 ice devils
  11 tormentors
  A silent spectre (Abyss:3)
  A merfolk (shapeshifter) (Vaults:5)
  A yaktaur skeleton (Vaults:1)
  A sea snake skeleton (Crypt:2)
  3 harpy zombies
  9 wind drakes (Pan)
  6 red devils
  A hydra zombie (Crypt:2)
  A merfolk (Zig:8)
  20 hellwings (Pan)
  14 trolls
  18 hornets
  A blink frog (shapeshifter) (D:13)
  79 saltlings
  Grinder (D:3)
  4 polar bears
  2 harpy skeletons
  13 tyrant leeches
  A tarantella (Snake:1)
  22 blink frogs
  12 dream sheep
  A dream sheep (shapeshifter) (Vaults:5)
  3 glass eyes
  2 snapping turtles (Zig:8)
  A glass eye (shapeshifter) (Depths:4)
  25 raiju
  3 air elementals
  122 slime creatures
  A slime creature (shapeshifter) (D:14)
  4 centaur simulacra
  52 ynoxinuls
  9 wraiths
  Sigmund (D:3)
  2 ettin skeletons
  5 wyverns
  A shadow (Gauntlet)
  26 golden eyes
  5 water elementals
  8 basilisks
  A warg (Elf:2)
  40 yaks
  A fire elemental (Elf:1)
  A human (D:11)
  3 hogs (Elf:1)
  4 fire bats
  A black mamba skeleton (Crypt:1)
  A steam dragon (D:10)
  A wind drake skeleton (Crypt:1)
  Grum (D:9)
  26 neqoxecs
  3 redbacks
  10 vampire mosquitoes
  24 chaos spawn
  Menkaure (D:4)
  2 spatial vortices (Abyss:3)
  53 nagas
  A swamp worm (shapeshifter) (Vaults:1)
  A jumping spider (shapeshifter) (Vaults:5)
  15 swamp worms
  3 harpy simulacra
  A hydra simulacrum (Swamp:2)
  16 small abominations
  An acid dragon (D:12)
  19 water moccasins
  5 hell hounds
  3 sky beasts
  A meliai simulacrum (D:11)
  21 orc warriors
  3 ice beasts
  6 swamp drakes
  A dream sheep zombie (Crypt:1)
  An orc zombie (Vaults:1)
  56 laughing skulls
  A manticore zombie (Crypt:2)
  A black bear (D:6)
  An ettin simulacrum (Abyss:3)
  15 wolves
  4 centaurs
  22 ogres
  A human skeleton (Vaults:1)
  6 boggarts
  2 lemures (D:4)
  2 phantoms
  A rime drake skeleton (Crypt:2)
  3 weeping skulls
  4 earth elementals
  8 bullfrogs
  5 necrophages (Crypt:3)
  7 brain worms
  3 scorpions
  2 naga simulacra
  17 wights
  7 jellies
  9 killer bees
  A human simulacrum (Vaults:1)
  8 electric eels
  A polar bear skeleton (Crypt:1)
  A crimson imp (Pan)
  6 howler monkeys
  2 bombardier beetles
  2 quasits
  7 lava snakes
  5 hounds
  33 starcursed masses (Abyss:3)
  18 orc priests
  2 sleepcaps (D:5)
  2 iguanas
  Ijyb (D:3)
  18 orc wizards
  9 hell rats
  A boggart skeleton (Crypt:2)
  A deep dwarf skeleton (Crypt:2)
  6 gnolls
  7 adders
  A shadow imp (D:7)
  7 white imps
  10 ufetubi
  An adder zombie (D:4)
  5 dart slugs
  79 orcs
  10 bats
  12 endoplasms
  3 giant cockroaches
  8 goblins
  10 hobgoblins
  A kobold (D:4)
  6 quokkas
  9 ball pythons
  3 frilled lizards
  A kobold skeleton (Crypt:1)
  7 rats
  6 aspiring fleshes (Pan)
  A ball lightning (Pan)
  10 creeping infernos
  14 fire vortices
  A lurking horror (Abyss:3)
  5 starspawn tentacles
3674 creatures vanquished.

Vanquished Creatures (collateral kills)
  2 pandemonium lords (Pan)
  An ancient lich (Zig:3)
  3 golden dragons
  A Hell Sentinel (Pan)
  3 Tzitzimimeh (Pan)
  Jorgrun (D:12)
  An iron giant (Snake:2)
  An Ice Fiend (Pan)
  A quicksilver dragon (Zot:1)
  An Orb Guardian (Zot:5)
  4 tentacled monstrosities
  A titan (Pan)
  A sphinx (Zig:3)
  An acid blob (Slime:5)
  4 Executioners (Pan)
  5 shadow dragons
  2 storm dragons
  A draconian knight (Zig:5)
  3 demonspawn warmongers (Pan)
  A draconian shifter (Zot:4)
  4 balrugs (Pan)
  3 draconian scorchers
  5 draconian stormcallers
  8 reapers (Pan)
  A very ugly thing (Pan)
  2 demonspawn blood saints (Pan)
  2 draconian annihilators
  2 demonspawn corrupters (Pan)
  6 cacodemons
  An orc warlord (Depths:3)
  5 black draconians
  A caustic shrike skeleton (Pan)
  3 juggernaut skeletons (Pan)
  3 demonspawn black suns
  A lorocyproca (Pan)
  A deep elf annihilator (Pan)
  4 purple draconians
  A red draconian (Zot:1)
  3 white draconians
  3 yellow draconians
  5 blizzard demons
  An ettin (Zig:9)
  2 green deaths (Pan)
  A jorogumo (Pan)
  A servant of whispers (Desolation)
  A dancing weapon (Elf:2)
  3 demonic crawlers (Pan)
  A hell knight (Depths:4)
  A thrashing horror (Abyss:3)
  10 sun demons (Pan)
  8 soul eaters (Pan)
  2 deep elf knights (Elf:2)
  10 sixfirhies
  A glowing orange brain (Pan)
  A shadow demon (Pan)
  3 sun moths (Pan)
  2 orc knights
  An ironbound convoker (Vaults:2)
  3 large abominations (Pan)
  2 deep elf zephyrmancers
  2 moths of wrath
  A black mamba (Zig:6)
  A molten gargoyle (Geh:7)
  A rust devil (Pan)
  An elephant (Lair:2)
  12 smoke demons (Pan)
  A cane toad (Lair:2)
  3 orange demons (Pan)
  3 hellions
  4 efreet (Pan)
  9 hellwings (Pan)
  2 wind drakes (Pan)
  A slime creature (Slime:5)
  A shadow (D:12)
  5 ynoxinuls (Pan)
  2 fire bats (Pan)
  6 golden eyes
  5 chaos spawn (Pan)
  2 neqoxecs (Pan)
  A naga (Snake:2)
  4 laughing skulls (Pan)
  An ogre (Vaults:5)
  2 lemures (D:4)
  A bullfrog (Lair:2)
  Robin (D:3)
  A ribbon worm (D:3)
  An orc (D:3)
  2 goblins (D:3)
  A ball python (D:3)
  A bat (D:3)
  An aspiring flesh (Pan)
235 creatures vanquished.

Vanquished Creatures (others)
  Cerebov (Pan)
  An ancient lich (Zot:4)
  A golden dragon (Zot:2)
  A walking frostbound tome (Depths:4)
  3 Orb Guardians (Zot:5)
  2 eldritch tentacles
  A pandemonium lord (Pan)
  A shadow dragon (Vaults:5)
  A fenstrider witch (Pan)
  A fire giant (Geh:3)
  A very ugly thing (Depths:3)
  A demonspawn blood saint (Pan)
  A wendigo (Zig:7)
  3 blizzard demons (Pan)
  3 green deaths (Pan)
  A salamander tyrant (Geh:7)
  A deep troll earth mage (Depths:4)
  5 dancing weapons
  A vampire mage (Depths:3)
  A demonic crawler (Pan)
  A sixfirhy (Pan)
  A shadow wraith (Depths:4)
  2 sun moths (Pan)
  An ironbound convoker (Desolation)
  An apocalypse crab (Abyss:3)
  2 smoke demons (Pan)
  A tengu conjurer (Depths:3)
  2 hellwings (Pan)
  2 bloated husks (Swamp:2)
  3 wind drakes (Pan)
  A spriggan (Swamp:4)
  3 chaos spawn (Pan)
  4 vampire mosquitoes (Swamp:2)
  A swamp worm (Swamp:1)
  A harpy simulacrum (Coc:1)
  2 small abominations (Abyss:3)
  An ogre (Vaults:5)
  A jelly (Abyss:3)
  4 hell rats (Hell)
  2 orcs (Orc:2)
  11 ball lightnings (Pan)
  3 creeping infernos
  6 fire vortices
  12 foxfires
  5 starspawn tentacles
104 creatures vanquished.

Grand Total: 4013 creatures vanquished

Notes
Turn   | Place    | Note
-------+----------+-------------------------------------------
     0 | D:1      | Jannitor the Oni Chaos Knight began the quest for the Orb.
     0 | D:1      | Reached XP level 1. HP: 24/24 MP: 1/1
   213 | D:1      | Found a faded altar of an unknown god.
   283 | D:1      | Reached XP level 2. HP: 31/32 MP: 2/2
   322 | D:1      | XOM: silly message
   470 | D:2      | XOM: 5-stop teleportation journey
   719 | D:2      | Reached XP level 3. HP: 40/40 MP: 3/3
  1281 | D:3      | Noticed Robin
  1354 | D:2      | Reached skill level 5 in Fighting
  1354 | D:2      | Reached XP level 4. HP: 20/50 MP: 4/4
  1513 | D:3      | Noticed Grinder
  1558 | D:3      | XOM: enchant monster (good)
  1818 | D:3      | Paralysed by Grinder for 2 turns
  1825 | D:3      | Killed Grinder
  1826 | D:3      | Reached skill level 6 in Fighting
  1826 | D:3      | Reached XP level 5. HP: 39/59 MP: 5/5
  1826 | D:3      | Reached XP level 6. HP: 44/67 MP: 6/6
  1949 | D:3      | Noticed Sigmund
  1965 | D:3      | Killed Sigmund
  2029 | D:3      | Reached XP level 7. HP: 76/76 MP: 7/7
  2247 | D:3      | Reached skill level 5 in Maces & Flails
  2463 | D:3      | Noticed Ijyb
  2594 | D:4      | XOM: smoke on damage
  2817 | D:4      | HP: 3/76 [ogre/+0 giant club (17)]
  2833 | D:5      | Entered Level 5 of the Dungeon
  2833 | D:5      | Found Dedulu Miad's Magic Scroll Emporium.
  2841 | D:5      | Found Vause's Distillery.
  2841 | D:5      | Found Ufeiro Kecix's Weapon Emporium.
  2842 | D:5      | XOM: confuse monster(s)
  3100 | D:4      | XOM: silly message
  3102 | D:4      | Noticed Pikel
  3239 | D:4      | XOM: cloud trail
  3327 | D:4      | Reached skill level 7 in Fighting
  3379 | D:4      | Found a transporter.
  3422 | D:4      | XOM: divination: detect creatures
  3426 | D:4      | Identified the ring of Dame Kuf {rPois EV+5 Slay+3}
  3520 | D:4      | Found a transporter.
  3523 | D:4      | Found an ancient bone altar of Kikubaaqudgha.
  3524 | D:4      | XOM: cast spell 'Discord'
  3621 | D:4      | XOM: scenery: summon butterflies
  3631 | D:4      | Killed Pikel
  3632 | D:4      | Reached skill level 8 in Fighting
  3632 | D:4      | Reached skill level 5 in Dodging
  3632 | D:4      | Reached XP level 8. HP: 70/89 MP: 8/8
  3696 | D:4      | Found a basalt altar of Yredelemnul.
  3700 | D:4      | Noticed Menkaure
  4030 | D:5      | XOM: cast spell 'Leda's Liquefaction'
  4033 | D:5      | Reached skill level 9 in Fighting
  4066 | D:5      | Bought a potion of curing for 39 gold pieces
  4066 | D:5      | Bought a potion of haste for 130 gold pieces
  4066 | D:5      | Bought a potion of heal wounds for 65 gold pieces
  4145 | D:5      | Found Essopn's Book Boutique.
  4202 | D:5      | Found Lukhonut's General Store.
  4216 | D:5      | XOM: god gift: pair of embroidered gloves {god gift}
  4280 | D:5      | Bought a scroll of identify for 28 gold pieces
  4280 | D:5      | Bought a scroll of identify for 28 gold pieces
  4458 | D:6      | Reached XP level 9. HP: 96/100 MP: 9/9
  4494 | D:6      | Noticed a two-headed ogre
  4494 | D:6      | XOM: divination: detect items
  4497 | D:6      | XOM: polymorph two-headed ogre -> two-headed ogre
  4502 | D:6      | Killed a two-headed ogre
  4503 | D:6      | Reached skill level 10 in Fighting
  4546 | D:6      | XOM: give mutation
  4546 | D:6      | Gained mutation: Your system is resistant to poisons.
                  | (rPois) [Xom's mischief]
  4618 | D:6      | XOM: polymorph orc -> swamp drake
  5140 | D:6      | XOM: torment (52/102 hp)
  5494 | D:6      | XOM: stat loss: -1 Int (12/13)
  5504 | D:7      | Found an opulent altar of Gozag.
  5504 | D:7      | Found a broken altar of Ashenzari.
  5566 | D:7      | XOM: polymorph butterfly -> howler monkey
  5573 | D:6      | XOM: confuse monster(s)
  5614 | D:6      | Reached skill level 11 in Fighting
  5927 | D:7      | Reached XP level 10. HP: 95/114 MP: 10/10
  5998 | D:7      | XOM: 1-stop teleportation journey
  6170 | D:7      | Found a staircase to the Ecumenical Temple.
  6215 | D:7      | XOM: give mutation
  6215 | D:7      | Gained mutation: Your spells are a little harder to cast,
                  | but a little more powerful. [Xom's mischief]
  6244 | D:7      | XOM: give mutations
  6244 | D:7      | Lost mutation: Your system is resistant to poisons. (rPois)
                  | [Xom's mischief]
  6244 | D:7      | Gained mutation: You are partially covered in iridescent
                  | scales. (AC +2) [Xom's mischief]
  6447 | D:8      | Found a transporter.
  6447 | D:8      | Found a transporter.
  6529 | D:8      | XOM: polymorph hound -> golden eye
  6547 | D:8      | XOM: summons 2 friendly demons
  6553 | D:8      | XOM: swap monsters
  6781 | D:7      | Reached skill level 12 in Fighting
  6859 | D:8      | XOM: enchant monster (bad)
  7038 | D:8      | Found a staircase to the Lair.
  7188 | D:8      | XOM: stat loss: -1 Int (12/13)
  7217 | D:8      | XOM: polymorph killer bee -> endoplasm
  7358 | D:8      | XOM: summons 3 friendly demons
  7511 | D:8      | Identified a scroll of acquirement
  7512 | D:8      | Acquired a manual of Fighting
  7587 | D:9      | Reached skill level 13 in Fighting
  7587 | D:9      | XOM: enchant monster (bad)
  7595 | D:9      | Reached XP level 11. HP: 125/127 MP: 11/11
  7605 | D:9      | Reached skill level 10 in Maces & Flails
  7648 | D:9      | Found Buokhluho's Antique Armour Boutique.
  7648 | D:9      | Noticed Grum
  7648 | D:9      | XOM: 6-stop teleportation journey
  7655 | D:9      | XOM: divination: detect creatures
  7680 | D:9      | Killed Grum
  7681 | D:9      | Reached skill level 14 in Fighting
  8048 | D:9      | Bought an embroidered cloak for 135 gold pieces
  8213 | D:10     | Entered Level 10 of the Dungeon
  8422 | D:10     | XOM: stat loss: -1 Dex (7/8)
  8814 | D:10     | XOM: summons 5 friendly demons
  9005 | D:11     | Noticed Sonja
  9006 | D:11     | Sonja changed into Sonja the human
  9006 | D:11     | Noticed Sonja
  9011 | D:11     | Killed Sonja the human
  9038 | D:11     | Noticed a two-headed ogre
  9048 | D:11     | Killed a two-headed ogre
  9049 | D:11     | Reached skill level 1 in Throwing
  9054 | D:11     | XOM: confuse monster(s)
  9080 | D:11     | XOM: cast spell 'Summon Hydra'
  9084 | D:11     | Reached skill level 15 in Fighting
  9181 | D:11     | Found a runed translucent gate.
  9182 | D:11     | Found a runed translucent gate.
  9184 | D:11     | Found a runed translucent gate.
  9186 | D:11     | Noticed Borsukrates's ghost (journeyman HOCj)
  9524 | D:11     | Noticed Erica
  9534 | D:11     | Killed Erica
  9619 | D:11     | Noticed a two-headed ogre
  9629 | D:11     | Killed a two-headed ogre
  9630 | D:11     | Reached skill level 10 in Dodging
  9634 | D:11     | XOM: polymorph orc -> bat
  9899 | D:11     | Found a staircase to the Orcish Mines.
  9993 | D:12     | Noticed a manticore
  9997 | D:12     | XOM: summons friendly iron imp
  9999 | D:12     | XOM: divination: detect creatures
 10005 | D:12     | Killed a manticore
 10006 | D:12     | Reached skill level 16 in Fighting
 10217 | D:12     | Noticed a cyclops
 10223 | D:12     | Killed a cyclops
 10224 | D:12     | Reached XP level 12. HP: 129/144 MP: 12/12
 10266 | D:12     | Noticed a boulder beetle
 10287 | D:12     | Killed a boulder beetle
 10590 | D:12     | Noticed a boulder beetle
 10590 | D:12     | XOM: 5-stop teleportation journey
 10661 | D:12     | XOM: polymorph yak -> redback
 10814 | D:12     | Noticed Jorgrun
 10814 | D:12     | XOM: butterfly on damage
 10981 | D:13     | Noticed a two-headed ogre
 10988 | D:13     | Killed a two-headed ogre
 11004 | D:13     | Reached skill level 17 in Fighting
 11435 | D:13     | Noticed a boulder beetle
 11441 | D:13     | Killed a boulder beetle
 11442 | D:13     | Reached skill level 5 in Throwing
 11557 | D:13     | Found a radiant altar of Vehumet.
 11927 | D:13     | Noticed an entropy weaver
 11932 | D:13     | Lost mutation: You are partially covered in iridescent
                  | scales. (AC +2) [potion of mutation]
 11932 | D:13     | Lost mutation: Your spells are a little harder to cast, but
                  | a little more powerful. [potion of mutation]
 11932 | D:13     | Gained mutation: You are partially covered in iridescent
                  | scales. (AC +2) [potion of mutation]
 11932 | D:13     | Gained mutation: Your spells are a little harder to cast,
                  | but a little more powerful. [potion of mutation]
 11932 | D:13     | Gained mutation: You have hidden genetic potential. [potion
                  | of mutation]
 11934 | D:13     | an entropy weaver changed into a blink frog
 11951 | D:13     | Noticed a vault guard
 11953 | D:13     | XOM: potion effect (invisibility)
 11959 | D:13     | Killed a vault guard
 11977 | D:13     | Noticed a centaur warrior
 11978 | D:13     | XOM: enchant monster (bad)
 11982 | D:13     | Killed a centaur warrior
 12003 | D:13     | Noticed a four-headed hydra
 12167 | D:13     | XOM: divination: detect items
 12217 | D:13     | XOM: god gift: staff of air
 12287 | D:13     | XOM: summons friendly crimson imp
 12311 | D:13     | Reached skill level 18 in Fighting
 12438 | D:13     | Noticed a boulder beetle
 12455 | D:13     | Killed a boulder beetle
 12465 | D:13     | XOM: scenery: create altars
 12469 | D:13     | Reached XP level 13. HP: 87/159 MP: 13/13
 12645 | D:13     | XOM: fog
 12646 | D:13     | XOM: divine lightning
 12706 | D:13     | XOM: polymorph tengu warrior -> glowing shapeshifter
 12771 | D:13     | XOM: 6-stop teleportation journey
 12910 | D:13     | XOM: give mutation
 12910 | D:13     | Lost mutation: You have hidden genetic potential. [Xom's
                  | grace]
 12910 | D:13     | Gained mutation: You are somewhat resistant to further
                  | mutation. [Xom's grace]
 12920 | D:13     | Found a gate to the Vaults.
 13012 | D:12     | XOM: 1-stop teleportation journey
 13071 | D:11     | XOM: god gift: 45 gold pieces
 13074 | D:11     | XOM: cloud trail
 13152 | Lair:1   | Entered Level 1 of the Lair of Beasts
 13393 | Lair:1   | XOM: summons friendly shadow imp
 13590 | Lair:1   | Reached skill level 19 in Fighting
 13783 | Lair:1   | XOM: 3-stop teleportation journey
 14232 | Lair:1   | XOM: god gift: 30 gold pieces
 14592 | Lair:2   | Noticed Fannar
 14636 | Lair:2   | XOM: confusion (+ monsters)
 14659 | Lair:2   | Killed Fannar
 14731 | Lair:2   | Identified the +0 robe "Tesuxiga" {Dex+3}
 14846 | Lair:2   | Noticed Nergalle
 14847 | Lair:2   | XOM: cast spell 'Death Channel'
 14856 | Lair:2   | Killed Nergalle
 14967 | Lair:2   | XOM: divination: magic mapping
 14989 | Lair:2   | XOM: divination: detect items
 15110 | Lair:2   | Reached skill level 20 in Fighting
 15317 | Lair:2   | XOM: scenery: summon butterflies
 15319 | Lair:2   | XOM: chaos cloud
 15740 | Lair:3   | XOM: 1-stop teleportation journey
 15742 | Lair:3   | Reached XP level 14. HP: 138/176 MP: 14/14
 15744 | Lair:3   | XOM: give mutation
 15744 | Lair:3   | Lost mutation: You are somewhat resistant to further
                  | mutation. [Xom's mischief]
 15744 | Lair:3   | Gained mutation: You have hidden genetic potential. [Xom's
                  | mischief]
 16099 | Lair:3   | XOM: confuse monster(s)
 16100 | Lair:3   | XOM: blink monster(s)
 16441 | Lair:3   | Reached skill level 1 in Evocations
 16548 | Lair:3   | XOM: stat loss: -1 Dex (7/8)
 16790 | Lair:3   | Found a staircase to the Swamp.
 16937 | Lair:3   | Found a staircase to the Snake Pit.
 16982 | Lair:3   | XOM: give mutations
 16982 | Lair:3   | Gained mutation: You have an increased reservoir of magic.
                  | (+10% MP) [Xom's grace]
 16982 | Lair:3   | Gained mutation: Your system is resistant to poisons.
                  | (rPois) [Xom's grace]
 16982 | Lair:3   | Gained mutation: You expend magic power (3 MP) to
                  | strengthen your wands. [Xom's grace]
 16982 | Lair:3   | Gained mutation: You have sharp toenails. [Xom's grace]
 17075 | Lair:4   | XOM: 1-stop teleportation journey
 17182 | Lair:4   | XOM: god gift: +1 longbow of electrocution
 17242 | Lair:4   | XOM: smoke on damage
 17264 | Lair:4   | XOM: divination: magic mapping
 17460 | Lair:4   | Reached skill level 21 in Fighting
 17636 | Lair:4   | XOM: scenery: create altars
 17755 | Lair:4   | XOM: destruction
 17994 | Lair:4   | Reached XP level 15. HP: 187/187 MP: 16/16
 18099 | Lair:5   | Entered Level 5 of the Lair of Beasts
 18100 | Lair:5   | XOM: cast spell 'Chain of Chaos'
 18101 | Lair:5   | Found a gate leading to a gauntlet.
 18116 | Lair:5   | XOM: destruction
 18122 | Lair:5   | XOM: potion effect (brilliance)
 18124 | Gauntlet | Entered a Gauntlet
 18124 | Gauntlet | Found a transporter.
 18124 | Gauntlet | Found a transporter.
 18128 | Gauntlet | Found a transporter.
 18130 | Gauntlet | Found a transporter.
 18138 | Gauntlet | Found a transporter.
 18148 | Gauntlet | Found a transporter.
 18148 | Gauntlet | Found a transporter.
 18152 | Gauntlet | Found a transporter.
 18179 | Gauntlet | Found a transporter.
 18186 | Gauntlet | Found a transporter.
 18204 | Gauntlet | Found a transporter.
 18226 | Gauntlet | Found a transporter.
 18240 | Gauntlet | XOM: god gift: 47 gold pieces
 18273 | Gauntlet | Found a transporter.
 18287 | Gauntlet | Found a transporter.
 18390 | Gauntlet | Found a transporter.
 18404 | Gauntlet | Found a transporter.
 18420 | Gauntlet | XOM: draining
 18546 | Gauntlet | XOM: give mutations
 18546 | Gauntlet | Lost mutation: Your system is resistant to poisons. (rPois)
                  | [Xom's mischief]
 18546 | Gauntlet | Gained mutation: Your flesh is heat resistant. (rF+) [Xom's
                  | mischief]
 18546 | Gauntlet | Gained mutation: Your flesh is very heat resistant. (rF++)
                  | [Xom's mischief]
 18667 | Gauntlet | Reached skill level 1 in Shields
 18683 | Gauntlet | XOM: torment (84/173 hp)
 18885 | Gauntlet | Identified the staff of Eqenil {rPois Str-3 Dex+3 Conj
                  | Alchemy}
 18890 | Lair:5   | XOM: 1-stop teleportation journey
 18893 | Lair:5   | XOM: 1-stop teleportation journey
 18951 | Lair:5   | Reached skill level 1 in Armour
 19041 | Lair:5   | XOM: silly message
 19105 | Lair:5   | XOM: noise
 19106 | Lair:5   | XOM: enchant monster (bad)
 19117 | Lair:5   | XOM: swap monsters
 19251 | Lair:5   | XOM: summons 8 hostile demons
 19372 | Lair:5   | XOM: confusion
 19402 | Lair:5   | XOM: potion effect (attraction)
 19404 | Lair:5   | Gained mutation: Your muscles are strong. (Str +4, Int/Dex
                  | -1) [hidden potential]
 19655 | Lair:5   | XOM: cast spell 'Fugue of the Fallen'
 19671 | Lair:5   | Reached skill level 5 in Shields
 19694 | Lair:5   | Found a staircase to the Slime Pits.
 19694 | Lair:5   | Found a viscous altar of Jiyva.
 19723 | Lair:5   | XOM: polymorph yak -> howler monkey
 19729 | Lair:5   | XOM: polymorph yak -> bombardier beetle
 19866 | Lair:5   | Reached XP level 16. HP: 197/197 MP: 17/17
 19876 | Lair:5   | Reached skill level 5 in Armour
 20109 | Lair:5   | Found a burning altar of Makhleb.
 20110 | Lair:5   | Found a gateway to Hell.
 20110 | Lair:5   | XOM: swap monsters
 20130 | Lair:5   | XOM: swap monsters
 20136 | Lair:5   | XOM: summons 4 hostile shadow creatures
 20486 | Lair:5   | XOM: give mutations
 20486 | Lair:5   | Lost mutation: Your flesh is very heat resistant. (rF++)
                  | [Xom's mischief]
 20486 | Lair:5   | Lost mutation: You have sharp toenails. [Xom's mischief]
 20500 | Lair:5   | XOM: torment (100/197 hp)
 21093 | Orc:1    | Entered Level 1 of the Orcish Mines
 21198 | Orc:2    | Entered Level 2 of the Orcish Mines
 21314 | Orc:1    | XOM: 2-stop teleportation journey
 21494 | Orc:1    | XOM: divination: magic mapping
 21537 | Orc:1    | Found a shimmering altar of Xom.
 21699 | Orc:2    | XOM: summons 12 friendly demons
 21897 | Orc:2    | Found a staircase to the Elven Halls.
 22037 | Orc:2    | XOM: blink monster(s)
 22038 | Orc:2    | XOM: give mutations
 22038 | Orc:2    | Lost mutation: You have an increased reservoir of magic.
                  | (+10% MP) [Xom's mischief]
 22038 | Orc:2    | Lost mutation: Your muscles are strong. (Str +4, Int/Dex
                  | -1) [Xom's mischief]
 22055 | Orc:2    | XOM: summons friendly ufetubus
 22057 | Orc:2    | XOM: divination: detect creatures
 22114 | Orc:2    | XOM: enchant monster (good)
 22115 | Orc:2    | XOM: summons friendly iron imp
 22159 | Orc:2    | XOM: scenery: summon butterflies
 22169 | Orc:2    | XOM: divination: detect creatures
 22259 | Orc:2    | Found Dadigag's Book Shop.
 22259 | Orc:2    | Found Koguj's Assorted Antiques.
 22259 | Orc:2    | XOM: 1-stop teleportation journey
 22309 | Orc:2    | Found Ysefroer's Magic Scroll Boutique.
 22310 | Orc:2    | Found Kapp's General Store.
 22532 | Orc:2    | XOM: god gift: 4 stones
 22615 | Orc:1    | Found a runed translucent door.
 22625 | Orc:1    | a balrug changed into an Executioner
 22625 | Orc:1    | Noticed an Executioner
 22625 | Orc:1    | XOM: polymorph balrug -> Executioner
 22632 | Orc:1    | XOM: summons 2 friendly demons
 22636 | Orc:1    | Killed an Executioner
 23005 | D:11     | XOM: give mutations
 23005 | D:11     | Gained mutation: You are mostly covered in iridescent
                  | scales. (AC +4) [Xom's grace]
 23005 | D:11     | Gained mutation: Your system is resistant to poisons.
                  | (rPois) [Xom's grace]
 23005 | D:11     | Lost mutation: You have hidden genetic potential. [Xom's
                  | grace]
 23005 | D:11     | Gained mutation: You are somewhat resistant to further
                  | mutation. [Xom's grace]
 23022 | D:11     | XOM: cleaving
 23024 | D:11     | XOM: summons 16 friendly demons
 23031 | D:11     | Killed Borsukrates's ghost
 23198 | D:12     | XOM: summons 16 friendly demons
 23205 | D:12     | Killed Jorgrun
 23461 | D:12     | XOM: give mutations
 23461 | D:12     | Gained mutation: You are completely covered in iridescent
                  | scales. (AC +6) [Xom's grace]
 23461 | D:12     | Gained mutation: You have supernaturally acute eyesight.
                  | (SInv) [Xom's grace]
 23499 | D:12     | XOM: scenery: create altars
 23620 | D:14     | XOM: potion effect (heal wounds)
 23661 | D:14     | XOM: silly message
 23678 | D:14     | Identified the +0 pair of boots of the Doomed Hot Ocelot
                  | {Will- Dex+4}
 23727 | D:14     | XOM: polymorph catoblepas -> shapeshifter
 24260 | D:15     | Entered Level 15 of the Dungeon
 24307 | D:15     | Found a sacrificial altar of Ru.
 24435 | D:15     | XOM: summons 2 friendly demons
 24449 | D:15     | Reached XP level 17. HP: 186/205 MP: 17/17
 24454 | D:15     | XOM: polymorph ettin -> ettin
 24553 | D:15     | XOM: give mutations
 24553 | D:15     | Lost mutation: You are somewhat resistant to further
                  | mutation. [Xom's mischief]
 24553 | D:15     | Lost mutation: Your flesh is heat resistant. (rF+) [Xom's
                  | mischief]
 24553 | D:15     | Gained mutation: You occasionally shout uncontrollably at
                  | your foes. [Xom's mischief]
 24571 | D:15     | Found a staircase to the Depths.
 24671 | D:15     | XOM: smoke on damage
 24681 | D:15     | XOM: potion effect (haste)
 24711 | D:15     | Reached skill level 10 in Throwing
 24714 | D:15     | XOM: potion effect (magic)
 24719 | D:15     | XOM: silly message
 24726 | D:15     | XOM: divination: detect creatures
 24736 | D:15     | XOM: stat loss: -1 Int (12/13)
 24738 | D:15     | XOM: polymorph manticore -> human
 24742 | D:15     | XOM: noise
 24749 | D:15     | XOM: blink monster(s)
 25178 | D:12     | XOM: give mutations
 25178 | D:12     | Gained mutation: Armour fits poorly on your strangely
                  | shaped body. [Xom's mischief]
 25178 | D:12     | Lost mutation: You occasionally shout uncontrollably at
                  | your foes. [Xom's mischief]
 25178 | D:12     | Lost mutation: You are completely covered in iridescent
                  | scales. (AC +6) [Xom's mischief]
 25356 | Swamp:1  | Entered Level 1 of the Swamp
 25362 | Swamp:1  | XOM: repel stairs
 25366 | Swamp:1  | XOM: confusion
 25488 | Swamp:1  | XOM: summons 8 hostile demons
 25498 | Swamp:1  | XOM: confusion (+ monsters)
 25504 | Swamp:1  | XOM: chaos upgrade
 25516 | Swamp:1  | XOM: fake destruction
 25522 | Swamp:1  | XOM: swap monsters
 25524 | Swamp:1  | XOM: potion effect (brilliance)
 25805 | Snake:1  | Entered Level 1 of the Snake Pit
 25887 | Snake:1  | XOM: god gift: scale mail {god gift}
 25956 | Snake:1  | XOM: summons 5 friendly demons
 26105 | Snake:1  | XOM: noise
 26121 | Snake:1  | XOM: give mutations
 26121 | Snake:1  | Gained mutation: Your flesh is cold resistant. (rC+) [Xom's
                  | grace]
 26121 | Snake:1  | Gained mutation: You are somewhat resistant to further
                  | mutation. [Xom's grace]
 26121 | Snake:1  | Gained mutation: Your muscles are strong. (Str +4, Int/Dex
                  | -1) [Xom's grace]
 26127 | Snake:1  | XOM: cleaving
 26129 | Snake:1  | Reached skill level 5 in Evocations
 26133 | Snake:1  | XOM: polymorph naga warrior -> tarantella
 26311 | Snake:1  | XOM: confuse monster(s)
 26319 | Snake:1  | XOM: summons 6 friendly demons
 26375 | Snake:1  | XOM: god gift: staff of earth
 26413 | Snake:1  | Reached skill level 22 in Fighting
 26623 | Snake:1  | XOM: potion effect (invisibility)
 26627 | Snake:1  | XOM: cleaving
 26673 | Snake:1  | Reached skill level 10 in Shields
 26848 | Snake:1  | XOM: scenery: summon butterflies
 26865 | Snake:1  | XOM: scenery: create altars
 27271 | Snake:1  | XOM: give mutations
 27271 | Snake:1  | Lost mutation: You are somewhat resistant to further
                  | mutation. [Xom's grace]
 27271 | Snake:1  | Gained mutation: You have hidden genetic potential. [Xom's
                  | grace]
 27271 | Snake:1  | Gained mutation: You have sharp toenails. [Xom's grace]
 27271 | Snake:1  | Gained mutation: You possess an exceptional clarity of
                  | mind. [Xom's grace]
 27445 | Snake:2  | XOM: cast spell 'Leda's Liquefaction'
 27458 | Snake:2  | XOM: enchant monster (good)
 27463 | Snake:2  | XOM: fog
 27473 | Snake:2  | XOM: enchant monster (good)
 27480 | Snake:2  | Reached skill level 10 in Armour
 27838 | Snake:2  | XOM: give mutation
 27838 | Snake:2  | Gained mutation: You are completely covered in iridescent
                  | scales. (AC +6) [Xom's grace]
 27901 | Snake:2  | XOM: summons 4 friendly demons
 27982 | Snake:2  | XOM: divine lightning
 28003 | Snake:2  | XOM: snakes to sticks
 28232 | Snake:2  | Reached XP level 18. HP: 167/219 MP: 18/18
 28239 | Snake:2  | XOM: divination: detect creatures
 28249 | Snake:2  | XOM: cast spell 'Olgreb's Toxic Radiance'
 28274 | Snake:2  | a sea snake changed into an iron giant
 28274 | Snake:2  | Noticed an iron giant
 28274 | Snake:2  | XOM: polymorph sea snake -> iron giant
 28278 | Snake:2  | Reached XP level 19. HP: 154/228 MP: 19/19
 28575 | Snake:2  | Killed an iron giant
 28988 | Snake:2  | XOM: god gift: tin of tremorstones (2/2)
 29048 | Snake:3  | Noticed Agnes
 29070 | Snake:3  | XOM: enchant monster (bad)
 29083 | Snake:3  | XOM: give mutations
 29083 | Snake:3  | Lost mutation: Your muscles are strong. (Str +4, Int/Dex
                  | -1) [Xom's mischief]
 29083 | Snake:3  | Lost mutation: Armour fits poorly on your strangely shaped
                  | body. [Xom's mischief]
 29095 | Snake:3  | Killed Agnes
 29279 | Snake:3  | XOM: enchant monster (good)
 29331 | Snake:3  | XOM: stat loss: -1 Dex (7/8)
 29446 | Snake:3  | Identified the +4 morningstar of Past Mistakes {drain,
                  | Will+ Int+4}
 29446 | Snake:3  | XOM: chaos upgrade
 29679 | Snake:3  | XOM: noise
 29891 | Snake:3  | XOM: give mutations
 29891 | Snake:3  | Lost mutation: You have supernaturally acute eyesight.
                  | (SInv) [Xom's mischief]
 29891 | Snake:3  | Gained mutation: Your flesh is very cold resistant. (rC++)
                  | [Xom's mischief]
 29891 | Snake:3  | Lost mutation: You have sharp toenails. [Xom's mischief]
 29891 | Snake:3  | Lost mutation: Your spells are a little harder to cast, but
                  | a little more powerful. [Xom's mischief]
 30061 | Snake:3  | XOM: chaos upgrade
 30067 | Snake:3  | XOM: blink monster(s)
 30130 | Snake:3  | XOM: enchant monster (bad)
 30132 | Snake:3  | XOM: silly message
 30134 | Snake:3  | XOM: give mutations
 30134 | Snake:3  | Lost mutation: Your system is resistant to poisons. (rPois)
                  | [Xom's mischief]
 30134 | Snake:3  | Gained mutation: Your flesh is heat resistant. (rF+) [Xom's
                  | mischief]
 30134 | Snake:3  | Lost mutation: Your flesh is heat resistant. (rF+) [Xom's
                  | mischief]
 30134 | Snake:3  | Lost mutation: You have hidden genetic potential. [Xom's
                  | mischief]
 30190 | Snake:3  | Found Zeugusuo's Book Emporium.
 30191 | Snake:3  | Found Wibbumam's Jewellery Shop.
 30192 | Snake:3  | Found Meynezaf's Book Emporium.
 30534 | Snake:3  | XOM: noise
 30618 | Snake:4  | Entered Level 4 of the Snake Pit
 30629 | Snake:3  | XOM: noise
 30946 | Snake:4  | XOM: draining
 31094 | Snake:4  | Reached skill level 23 in Fighting
 31177 | Snake:4  | XOM: divination: magic mapping
 31484 | Snake:4  | XOM: cast spell 'Olgreb's Toxic Radiance'
 31485 | Snake:4  | XOM: confuse monster(s)
 31715 | Snake:4  | XOM: polymorph naga warrior -> bunyip
 31786 | Snake:4  | XOM: scenery: summon butterflies
 31820 | Snake:4  | XOM: enchant monster (bad)
 31900 | Snake:4  | XOM: summons 3 hostile demons
 32091 | Snake:4  | XOM: cast spell 'Animate Armour'
 32125 | Snake:4  | XOM: give mutations
 32125 | Snake:4  | Gained mutation: Your spells are a little harder to cast,
                  | but a little more powerful. [Xom's grace]
 32125 | Snake:4  | Gained mutation: You passively dampen the noise of your
                  | surroundings. [Xom's grace]
 32427 | Snake:4  | XOM: confuse monster(s)
 32449 | Snake:4  | XOM: god gift: scroll of butterflies
 32467 | Snake:4  | XOM: noise
 32475 | Snake:4  | Noticed Nikola
 32479 | Snake:4  | XOM: confuse monster(s)
 32480 | Snake:4  | XOM: potion effect (might)
 32481 | Snake:4  | XOM: divination: detect creatures
 32536 | Snake:4  | XOM: silly message
 32600 | Snake:3  | XOM: scenery: create altars
 32706 | Snake:4  | XOM: divination: detect creatures
 32712 | Snake:4  | XOM: snakes to sticks
 32715 | Snake:4  | XOM: potion effect (brilliance)
 32721 | Snake:4  | XOM: silly message
 33282 | Swamp:1  | XOM: swap monsters
 33289 | Swamp:1  | XOM: polymorph spriggan rider -> quicksilver ooze
 33303 | Swamp:1  | XOM: smoke on damage
 33366 | Swamp:1  | Noticed Louise
 33368 | Swamp:1  | XOM: summons 7 friendly demons
 33383 | Swamp:1  | Killed Louise
 33398 | Swamp:1  | XOM: 8-stop teleportation journey
 33969 | Swamp:2  | XOM: enchant monster (bad)
 34018 | Swamp:2  | XOM: potion effect (might)
 34028 | Swamp:2  | XOM: scenery: create altars
 34134 | Swamp:2  | Found a transporter.
 34136 | Swamp:2  | Noticed GordonOverkill's ghost (adept SpDe)
 34142 | Swamp:2  | Found a transporter.
 34154 | Swamp:2  | Identified the +8 broad axe of the Crafting Moth {vamp,
                  | *Corrode rN+++ Int-3 Stlth+}
 34161 | Swamp:2  | XOM: 1-stop teleportation journey
 34636 | Swamp:3  | XOM: 3-stop teleportation journey
 34726 | Swamp:3  | XOM: smoke on damage
 34900 | Swamp:3  | Reached XP level 20. HP: 241/241 MP: 20/20
 34998 | Swamp:3  | XOM: enchant monster (bad)
 35253 | Swamp:4  | Entered Level 4 of the Swamp
 35262 | Swamp:4  | XOM: noise
 35304 | Swamp:4  | XOM: 6-stop teleportation journey
 35305 | Swamp:4  | XOM: blink monster(s)
 35307 | Swamp:4  | XOM: give mutations
 35307 | Swamp:4  | Lost mutation: Your flesh is very cold resistant. (rC++)
                  | [Xom's mischief]
 35307 | Swamp:4  | Gained mutation: You are somewhat resistant to further
                  | mutation. [Xom's mischief]
 35321 | Swamp:4  | XOM: swap monsters
 35332 | Swamp:4  | XOM: stat loss: -1 Dex (7/8)
 35405 | Swamp:4  | Got a decaying rune of Zot
 35775 | Swamp:4  | XOM: summons 1 hostile demon
 35838 | Swamp:4  | XOM: chaos upgrade
 35891 | Swamp:4  | XOM: 1-stop teleportation journey
 35894 | Swamp:4  | XOM: 3-stop teleportation journey
 35901 | Swamp:4  | XOM: 1-stop teleportation journey
 36092 | Swamp:4  | Identified the +8 bardiche of Courage {freeze, rPois Will+}
 36136 | Swamp:4  | XOM: potion effect (experience)
 36136 | Swamp:4  | Reached skill level 24 in Fighting
 36136 | Swamp:4  | Reached XP level 21. HP: 253/253 MP: 21/21
 36280 | Swamp:4  | Upgraded the game from 0.32-a0-132-g2d33c3cfaf to
                  | 0.32-a0-141-g04fe69798e
 36982 | Snake:4  | XOM: polymorph naga ritualist -> deep troll
 37018 | Snake:4  | Killed Nikola
 37075 | Snake:4  | Noticed Vashnia
 37085 | Snake:4  | Killed Vashnia
 37100 | Snake:4  | XOM: enchant monster (good)
 37102 | Snake:4  | XOM: polymorph guardian serpent -> lindwurm
 37193 | Snake:4  | XOM: draining
 37400 | Snake:4  | Got a serpentine rune of Zot
 37751 | Vaults:1 | Entered Level 1 of the Vaults
 37780 | Vaults:1 | XOM: summons friendly ufetubus
 37790 | Vaults:1 | XOM: summons friendly ufetubus
 37974 | Vaults:1 | Found a glowing silver altar of Zin.
 38128 | Vaults:1 | XOM: scenery: 2 doors open
 38147 | Vaults:1 | XOM: fog
 38158 | Vaults:1 | XOM: cast spell 'Summon Cactus Giant'
 38341 | Vaults:1 | XOM: 6-stop teleportation journey
 38418 | Vaults:1 | XOM: polymorph ironbound thunderhulk -> ironbound
                  | thunderhulk
 38419 | Vaults:1 | XOM: destruction
 38539 | Vaults:1 | XOM: give mutations
 38539 | Vaults:1 | Gained mutation: Your spells are harder to cast, but more
                  | powerful. [Xom's grace]
 38539 | Vaults:1 | Gained mutation: Your flesh is very cold resistant. (rC++)
                  | [Xom's grace]
 38539 | Vaults:1 | Gained mutation: You have very sharp teeth. [Xom's grace]
 38539 | Vaults:1 | Gained mutation: Your flesh is almost immune to the effects
                  | of cold. (rC+++) [Xom's grace]
 38576 | Vaults:1 | XOM: confuse monster(s)
 38585 | Vaults:1 | XOM: give mutations
 38585 | Vaults:1 | Gained mutation: Your muscles are strong. (Str +4, Int/Dex
                  | -1) [Xom's grace]
 38585 | Vaults:1 | Gained mutation: You passively map a small area around you.
                  | [Xom's grace]
 38585 | Vaults:1 | Gained mutation: You are robust. (+10% HP) [Xom's grace]
 38695 | Vaults:1 | Reached XP level 22. HP: 291/291 MP: 22/22
 38728 | Vaults:1 | XOM: give mutations
 38728 | Vaults:1 | Gained mutation: Your muscles are very strong. (Str +8,
                  | Int/Dex -2) [Xom's grace]
 38728 | Vaults:1 | Lost mutation: You are somewhat resistant to further
                  | mutation. [Xom's grace]
 38728 | Vaults:1 | Gained mutation: You have hidden genetic potential. [Xom's
                  | grace]
 38728 | Vaults:1 | Gained mutation: You have a pair of horns on your head.
                  | [Xom's grace]
 38728 | Vaults:1 | Gained mutation: Your movements are slightly less
                  | encumbered by armour. (ER -2) [Xom's grace]
 38744 | Vaults:1 | Reached skill level 1 in Shapeshifting
 38907 | Vaults:1 | XOM: draining
 38962 | Vaults:1 | Noticed Zenata
 38997 | Vaults:1 | Killed Zenata
 39350 | Vaults:1 | XOM: potion effect (haste)
 39790 | Vaults:2 | XOM: divination: detect items
 39852 | Vaults:2 | XOM: summons 7 friendly demons
 39887 | Vaults:2 | XOM: confuse monster(s)
 39992 | Vaults:2 | XOM: divination: detect items
 39998 | Vaults:2 | Reached skill level 10 in Evocations
 40176 | Vaults:2 | XOM: blink monster(s)
 40345 | Vaults:2 | Found Lowoump's General Store.
 40355 | Vaults:2 | Bought a scroll of enchant weapon for 112 gold pieces
 40390 | Vaults:2 | XOM: 3-stop teleportation journey
 40569 | Vaults:2 | Identified the ring "Tohok" {rF+ Dex+5}
 40585 | Vaults:2 | You fall into a shaft and drop 1 floor!
 40648 | Vaults:3 | Found a crumbling gateway.
 40665 | Desolati | Entered the Desolation of Salt
 40759 | Desolati | XOM: enchant monster (good)
 40804 | Desolati | Got Vehumet's Parchment of Bruises
 40816 | Desolati | XOM: noise
 40857 | Desolati | XOM: noise
 40874 | Desolati | XOM: 1-stop teleportation journey
 40905 | Desolati | Identified the ring "Gyxterom" {Fire rElec rN++ Will-
                  | rCorr}
 40909 | Desolati | Identified the ring "Bepros" {rPois Will+ Str-2 SInv}
 40922 | Desolati | XOM: summons 3 friendly demons
 40955 | Desolati | XOM: scenery: create altars
 41118 | Desolati | Found the +9 sword of Zonguldrok {reap}
 41121 | Desolati | Identified the ring of Past Mistakes {^Drain rPois rN+
                  | Will+ EV+5}
 41175 | Desolati | XOM: summons friendly ufetubus
 41262 | Desolati | XOM: cast spell 'Disjunction'
 41278 | Desolati | XOM: cast spell 'Summon Ice Beast'
 41285 | Desolati | XOM: swap monsters
 41303 | Desolati | XOM: 1-stop teleportation journey
 41336 | Desolati | Reached skill level 25 in Fighting
 41356 | Desolati | Identified the +5 morningstar "Xaosinn" {flame, *Rage rElec
                  | rF+ Will+}
 41468 | Desolati | XOM: silly message
 41472 | Desolati | XOM: 1-stop teleportation journey
 41485 | Desolati | XOM: blink monster(s)
 41526 | Desolati | XOM: confuse monster(s)
 41552 | Desolati | XOM: destruction
 41638 | Desolati | XOM: swap monsters
 41746 | Desolati | Got the Parchment of the Voyage and Ill Luck
 41749 | Desolati | Identified the ring "Ciyvvuthic" {rPois rC+ EV+5}
 41759 | Desolati | Got the Catalogue of the Volcano and Spellbinding
 41837 | Desolati | Got the Textbook on Last Rites
 41845 | Desolati | Got the Disquisition on the Metamorphic Cumulonimbus
 41855 | Desolati | XOM: noise
 41976 | Desolati | Identified the +6 scale mail of the Blue Moon {Str+3 Int+3
                  | Dex+3}
 42232 | Vaults:3 | XOM: divination: detect items
 42238 | Vaults:3 | XOM: divination: detect creatures
 42272 | Vaults:3 | Paralysed by a formless jellyfish for 1 turns
 42286 | Vaults:3 | XOM: summons 8 friendly demons
 42602 | Vaults:3 | Reached XP level 23. HP: 303/303 MP: 23/23
 42604 | Vaults:3 | Found Hafur's Weapon Boutique.
 42648 | Vaults:3 | Reached skill level 15 in Throwing
 42651 | Vaults:3 | Gained mutation: You are agile. (Dex +4, Str/Int -1)
                  | [hidden potential]
 42731 | Vaults:3 | XOM: enchant monster (bad)
 42735 | Vaults:3 | XOM: noise
 42740 | Vaults:3 | Reached skill level 5 in Shapeshifting
 42984 | Vaults:3 | Noticed Saint Roka
 42997 | Vaults:3 | XOM: enchant monster (bad)
 43014 | Vaults:3 | Killed Saint Roka
 43159 | Vaults:3 | XOM: 1-stop teleportation journey
 43209 | Vaults:3 | Identified the orb of Rolem {*channel, rN+ Summ Air}
 43209 | Vaults:3 | Noticed Frederick
 43217 | Vaults:3 | XOM: enchant monster (good)
 43225 | Vaults:3 | Killed Frederick
 43261 | Vaults:3 | Found a staircase to the Crypt.
 43387 | Vaults:3 | XOM: summons 12 hostile demons
 43571 | Vaults:4 | Noticed Mara
 43582 | Vaults:4 | XOM: summons 5 hostile demons
 43587 | Vaults:4 | XOM: potion effect (heal wounds)
 43594 | Vaults:4 | Killed Mara
 43689 | Vaults:4 | XOM: divination: detect items
 43691 | Vaults:4 | XOM: enchant monster (bad)
 43745 | Vaults:4 | XOM: chaos cloud
 43750 | Vaults:4 | XOM: fog
 43886 | Vaults:4 | XOM: give mutations
 43886 | Vaults:4 | Lost mutation: You have very sharp teeth. [Xom's mischief]
 43886 | Vaults:4 | Lost mutation: You passively dampen the noise of your
                  | surroundings. [Xom's mischief]
 43886 | Vaults:4 | Lost mutation: You expend magic power (3 MP) to strengthen
                  | your wands. [Xom's mischief]
 43886 | Vaults:4 | Lost mutation: Your muscles are very strong. (Str +8,
                  | Int/Dex -2) [Xom's mischief]
 43960 | Vaults:4 | Found a portal to a secret trove of treasure.
 44035 | Vaults:4 | XOM: noise
 44171 | Vaults:4 | XOM: fake destruction
 44178 | Vaults:4 | XOM: blink monster(s)
 44197 | Vaults:4 | XOM: polymorph slime creature -> sea snake
 44201 | Vaults:4 | XOM: cast spell 'Chain of Chaos'
 44714 | Vaults:4 | XOM: cast spell 'Summon Ice Beast'
 44902 | Vaults:2 | XOM: 1-stop teleportation journey
 45144 | Elf:1    | Entered Level 1 of the Elven Halls
 45152 | Elf:1    | XOM: summons friendly ufetubus
 45153 | Elf:1    | XOM: summons 15 friendly demons
 45196 | Elf:1    | XOM: 1-stop teleportation journey
 45201 | Elf:1    | Paralysed by an air elemental for 1 turns
 45210 | Elf:1    | Paralysed by an air elemental for 1 turns
 45225 | Elf:1    | XOM: god gift: Xom's Quarto of Anaesthesia {god gift}
 45235 | Elf:1    | XOM: cleaving
 45249 | Elf:1    | Got Xom's Quarto of Anaesthesia {god gift}
 45254 | Elf:1    | XOM: give mutation
 45254 | Elf:1    | Gained mutation: You are very agile. (Dex +8, Str/Int -2)
                  | [Xom's grace]
 45273 | Elf:1    | Noticed Kirke
 45288 | Elf:1    | Killed Kirke
 45356 | Elf:1    | Noticed Frances
 45379 | Elf:1    | Killed Frances
 45430 | Elf:1    | Found Vymitruj's Book Shop.
 45433 | Elf:1    | XOM: confuse monster(s)
 45456 | Elf:1    | Acquired 710 gold pieces
 45459 | Elf:1    | Bought a manual of Stealth for 1440 gold pieces
 45467 | Elf:1    | Identified the +8 trident of the Fifty Beggars {flame,
                  | Will- Str+3 Dex+4}
 45494 | Elf:1    | Noticed Norris
 45504 | Elf:1    | XOM: scenery: 1 doors open, 1 doors close
 45506 | Elf:1    | XOM: scenery: 1 doors open, 1 doors close
 45528 | Elf:1    | Killed Norris
 45707 | Elf:1    | Reached skill level 26 in Fighting
 45726 | Elf:1    | Reached skill level 1 in Stealth
 45731 | Elf:1    | XOM: cloud trail
 45792 | Elf:1    | XOM: scenery: summon butterflies
 46032 | Elf:2    | XOM: potion effect (might)
 46051 | Elf:2    | XOM: potion effect (heal wounds)
 46101 | Elf:2    | XOM: cloud trail
 46112 | Elf:2    | Paralysed by an air elemental for 1 turns
 46114 | Elf:2    | XOM: divination: detect creatures
 46152 | Elf:1    | Found a shimmering blue altar of Sif Muna.
 46226 | Elf:2    | Reached XP level 24. HP: 317/317 MP: 23/23
 46239 | Elf:2    | XOM: 3-stop teleportation journey
 46278 | Elf:2    | Gained mutation: You have a pair of large horns on your
                  | head. [hidden potential]
 46278 | Elf:2    | Lost mutation: You have hidden genetic potential. [hidden
                  | potential expressed]
 46317 | Elf:2    | Found Noleihain's Antique Armour Boutique.
 46550 | Elf:2    | XOM: scenery: 3 doors close
 46586 | Elf:2    | Found a runed translucent gate.
 46586 | Elf:2    | Found a runed translucent gate.
 46587 | Elf:2    | Found a runed translucent gate.
 46682 | Elf:2    | Identified the +4 flail of Expedience {drain, rF+ Dex+3}
 46683 | Elf:2    | XOM: divination: magic mapping
 46840 | Elf:3    | Entered Level 3 of the Elven Halls
 47227 | Elf:3    | XOM: polymorph deep elf annihilator -> deep elf annihilator
 47323 | Elf:3    | XOM: scenery: summon butterflies
 47407 | Elf:3    | XOM: summons 7 friendly demons
 47474 | Elf:3    | XOM: fake destruction
 47501 | Elf:3    | Identified the ring of Cuehukah {rF+ rC+ rN+ EV+5}
 47505 | Elf:3    | Identified the amulet "Heichywoot" {Acrobat rElec}
 47505 | Elf:3    | Identified the +9 bardiche of the Heart {flame, *Rage rC+
                  | Will+ Int+2}
 47505 | Elf:3    | Identified the amulet of Darkness {RegenMP +Inv rElec Will+
                  | Int-3}
 47505 | Elf:3    | XOM: 8-stop teleportation journey
 47640 | Elf:3    | Identified the ring "Vunilev" {^Contam rC+ Str+3 Int+4}
 47811 | Elf:3    | XOM: 4-stop teleportation journey
 47856 | Elf:3    | XOM: god gift: 20 gold pieces
 47971 | Elf:3    | Identified the +7 crystal plate armour "Yremn" {rElec
                  | Will+++ MP-9 Int-3}
 48339 | Vaults:2 | XOM: scenery: 1 doors open, 1 doors close
 48355 | Vaults:2 | XOM: god gift: scroll of fear
 48611 | Vaults:2 | Reached skill level 15 in Shields
 48795 | Vaults:5 | Entered Level 5 of the Vaults
 48803 | Vaults:4 | XOM: summons friendly white imp
 48813 | Vaults:4 | XOM: cleaving
 48837 | Vaults:5 | Reached skill level 15 in Armour
 48900 | Vaults:4 | XOM: 1-stop teleportation journey
 48960 | Vaults:4 | Reached skill level 5 in Stealth
 48963 | Vaults:5 | XOM: 2-stop teleportation journey
 48968 | Vaults:5 | Noticed an ancient lich
 48969 | Vaults:5 | XOM: 1-stop teleportation journey
 49026 | Vaults:5 | Noticed a dread lich
 49026 | Vaults:5 | XOM: swap monsters
 49034 | Vaults:5 | XOM: enchant monster (good)
 49035 | Vaults:5 | XOM: summons 6 friendly demons
 49213 | Vaults:5 | XOM: blink monster(s)
 49223 | Vaults:5 | XOM: divination: magic mapping
 49336 | Vaults:5 | Noticed a dread lich
 49339 | Vaults:5 | Killed a dread lich
 49350 | Vaults:5 | XOM: enchant monster (good)
 49362 | Vaults:5 | XOM: swap monsters
 49453 | Vaults:5 | XOM: noise
 49457 | Vaults:5 | XOM: potion effect (heal wounds)
 49465 | Vaults:5 | XOM: blink monster(s)
 49470 | Vaults:5 | Killed an ancient lich
 49576 | Vaults:5 | Reached XP level 25. HP: 293/322 MP: 23/23
 50013 | Vaults:5 | Killed a dread lich
 50029 | Vaults:5 | XOM: give mutations
 50029 | Vaults:5 | Lost mutation: Your flesh is almost immune to the effects
                  | of cold. (rC+++) [Xom's mischief]
 50029 | Vaults:5 | Lost mutation: Your spells are harder to cast, but more
                  | powerful. [Xom's mischief]
 50029 | Vaults:5 | Lost mutation: Your movements are slightly less encumbered
                  | by armour. (ER -2) [Xom's mischief]
 50029 | Vaults:5 | Lost mutation: You are completely covered in iridescent
                  | scales. (AC +6) [Xom's mischief]
 50032 | Vaults:5 | Identified the staff "Zeehib" {^Drain rElec rN+++ Summ Fire
                  | Air}
 50036 | Vaults:5 | Got a silver rune of Zot
 50212 | Vaults:5 | XOM: noise
 50371 | Vaults:5 | XOM: summons 2 hostile shadow creatures
 50528 | Vaults:5 | Identified the +4 scale mail "Xopesch" {rN+ Dex-2 SInv}
 50529 | Vaults:5 | Identified the ring "Qisoin" {rF+ Will++ Int-3 Stlth+}
 50543 | Vaults:5 | Identified the +9 sling "Efowah" {flame, rElec}
 50556 | Vaults:5 | Identified the staff "Esu Fiss" {Conj Tloc}
 50557 | Vaults:5 | Identified the +7 lajatang of the Shore {chaos, rPois rF++
                  | Will- Stlth+}
 50860 | Crypt:1  | Entered Level 1 of the Crypt
 50966 | Crypt:1  | Reached skill level 27 in Fighting
 51000 | Crypt:1  | Found a basalt altar of Yredelemnul.
 51034 | Crypt:1  | XOM: summons 4 friendly demons
 51057 | Crypt:1  | XOM: enchant monster (bad)
 51077 | Crypt:1  | XOM: chaos upgrade
 51125 | Crypt:1  | XOM: noise
 51204 | Crypt:1  | Found a runed translucent gate.
 51207 | Crypt:1  | Found a runed translucent gate.
 51207 | Crypt:1  | Found a runed translucent gate.
 51271 | Crypt:1  | XOM: stat loss: -1 Dex (14/15)
 51538 | Crypt:1  | Acquired a manual of Armour
 51634 | Crypt:1  | XOM: blink monster(s)
 51635 | Crypt:1  | XOM: enchant monster (bad)
 51638 | Crypt:1  | XOM: draining
 51644 | Crypt:1  | XOM: blink monster(s)
 51650 | Crypt:1  | XOM: give mutations
 51650 | Crypt:1  | Gained mutation: You are somewhat resistant to further
                  | mutation. [Xom's mischief]
 51650 | Crypt:1  | Lost mutation: Your spells are a little harder to cast, but
                  | a little more powerful. [Xom's mischief]
 51650 | Crypt:1  | Lost mutation: You possess an exceptional clarity of mind.
                  | [Xom's mischief]
 51672 | Crypt:1  | Acquired 761 gold pieces
 51677 | Crypt:1  | XOM: 3-stop teleportation journey
 51808 | Crypt:1  | XOM: scenery: summon butterflies
 51842 | Crypt:1  | Identified the ring "Fadd" {rPois Dex+6}
 51879 | Crypt:1  | XOM: give mutations
 51879 | Crypt:1  | Gained mutation: You have sharp toenails. [Xom's grace]
 51879 | Crypt:1  | Gained mutation: Your flesh is heat resistant. (rF+) [Xom's
                  | grace]
 51879 | Crypt:1  | Gained mutation: Your spells are a little harder to cast,
                  | but a little more powerful. [Xom's grace]
 51879 | Crypt:1  | Gained mutation: You are somewhat resistant to both further
                  | mutation and mutation removal. [Xom's grace]
 52001 | Crypt:2  | Noticed Xtahua
 52015 | Crypt:2  | XOM: enchant monster (good)
 52024 | Crypt:2  | Killed Xtahua
 52085 | Crypt:2  | XOM: enchant monster (good)
 52113 | Crypt:2  | XOM: polymorph necromancer -> basilisk
 52204 | Crypt:2  | XOM: cast spell 'Fugue of the Fallen'
 52218 | Crypt:2  | XOM: noise
 52238 | Crypt:2  | XOM: silly message
 52243 | Crypt:2  | XOM: silly message
 52269 | Crypt:2  | XOM: confuse monster(s)
 52529 | Crypt:2  | XOM: noise
 52658 | Crypt:2  | XOM: silly message
 52715 | Crypt:2  | XOM: divination: detect items
 52774 | Crypt:2  | XOM: noise
 52829 | Crypt:3  | Entered Level 3 of the Crypt
 52939 | Crypt:3  | Reached skill level 10 in Shapeshifting
 53070 | Crypt:3  | XOM: divination: detect items
 53096 | Crypt:3  | Reached XP level 26. HP: 279/341 MP: 23/23
 53248 | Crypt:3  | Noticed an ancient lich
 53248 | Crypt:3  | XOM: summons friendly iron imp
 53251 | Crypt:3  | Found an ancient bone altar of Kikubaaqudgha.
 53258 | Crypt:3  | Killed an ancient lich
 53409 | Crypt:3  | Reached skill level 10 in Stealth
 53527 | Crypt:3  | XOM: summons friendly crimson imp
 53594 | Crypt:3  | XOM: 3-stop teleportation journey
 53653 | Crypt:3  | Found a staircase to the Tomb.
 53880 | Crypt:3  | Got the Precepts of Profane Mysteries
 53881 | Crypt:3  | Identified the +7 steam dragon scales of the Moon {^Contam
                  | rF+ Regen+ MP+9}
 54311 | D:14     | XOM: divination: detect creatures
 54321 | D:12     | XOM: silly message
 54494 | D:4      | XOM: noise
 54500 | D:4      | Killed Menkaure
 54594 | D:6      | XOM: give mutation
 54594 | D:6      | Gained mutation: You have a somewhat thin skeletal
                  | structure. (Dex +2, Stealth+) [Xom's grace]
 54912 | Swamp:2  | XOM: cast spell 'Chain of Chaos'
 54921 | Swamp:2  | Killed GordonOverkill's ghost
 55101 | Lair:1   | XOM: give mutations
 55101 | Lair:1   | Gained mutation: You are covered in fur. (AC +1) [Xom's
                  | grace]
 55101 | Lair:1   | Gained mutation: You have a moderately thin skeletal
                  | structure. (Dex +4, Stealth++) [Xom's grace]
 55101 | Lair:1   | Gained mutation: Your spells are harder to cast, but more
                  | powerful. [Xom's grace]
 55101 | Lair:1   | Gained mutation: Your skin changes colour to match your
                  | surroundings (Stealth+). [Xom's grace]
 55257 | Depths:1 | Entered Level 1 of the Depths
 55288 | Depths:1 | XOM: scenery: summon butterflies
 55331 | Depths:1 | XOM: divination: detect items
 55458 | Depths:1 | XOM: noise
 55546 | Depths:1 | Noticed Bai Suzhen
 55567 | Depths:1 | Killed Bai Suzhen
 55708 | Depths:1 | XOM: polymorph fire dragon -> bunyip
 55720 | Depths:1 | XOM: noise
 55737 | Depths:1 | Noticed the Enchantress
 55737 | Depths:1 | XOM: 2-stop teleportation journey
 55749 | Depths:1 | Killed the Enchantress
 55902 | Depths:1 | XOM: give mutations
 55902 | Depths:1 | Lost mutation: You are very agile. (Dex +8, Str/Int -2)
                  | [Xom's mischief]
 55902 | Depths:1 | Lost mutation: You have sharp toenails. [Xom's mischief]
 55930 | Depths:1 | XOM: noise
 55986 | Depths:1 | XOM: give mutations
 55986 | Depths:1 | Lost mutation: You have a moderately thin skeletal
                  | structure. (Dex +4, Stealth++) [Xom's mischief]
 55986 | Depths:1 | Lost mutation: Your flesh is very cold resistant. (rC++)
                  | [Xom's mischief]
 55986 | Depths:1 | Lost mutation: You passively map a small area around you.
                  | [Xom's mischief]
 55986 | Depths:1 | Lost mutation: You are agile. (Dex +4, Str/Int -1) [Xom's
                  | mischief]
 56133 | Depths:1 | XOM: polymorph brown ugly thing -> purple ugly thing
 56244 | Depths:1 | Found a glowing silver altar of Zin.
 56396 | Depths:2 | XOM: smoke on damage
 56406 | Depths:2 | Found a one-way gate leading to the halls of Pandemonium.
 56457 | Depths:2 | XOM: blink monster(s)
 56513 | Depths:2 | XOM: polymorph deep troll -> yak
 56581 | Depths:2 | XOM: noise
 56788 | Depths:2 | Found Wemir's Armour Emporium.
 56843 | Depths:2 | XOM: 1-stop teleportation journey
 57039 | Depths:2 | XOM: polymorph fire dragon -> glowing shapeshifter
 57239 | Depths:2 | XOM: give mutations
 57239 | Depths:2 | Lost mutation: You have a pair of large horns on your head.
                  | [Xom's mischief]
 57239 | Depths:2 | Lost mutation: You are robust. (+10% HP) [Xom's mischief]
 57239 | Depths:2 | Lost mutation: Your muscles are strong. (Str +4, Int/Dex
                  | -1) [Xom's mischief]
 57239 | Depths:2 | Lost mutation: Your spells are harder to cast, but more
                  | powerful. [Xom's mischief]
 57370 | Depths:2 | XOM: give mutation
 57370 | Depths:2 | Gained mutation: Your body sometimes deteriorates upon
                  | taking damage. [Xom's mischief]
 57519 | Depths:2 | XOM: give mutations
 57519 | Depths:2 | Gained mutation: Your mind is acute. (Int +4, Str/Dex -1)
                  | [Xom's grace]
 57519 | Depths:2 | Gained mutation: You have a pair of large horns on your
                  | head. [Xom's grace]
 57519 | Depths:2 | Gained mutation: You are robust. (+10% HP) [Xom's grace]
 57519 | Depths:2 | Lost mutation: You are somewhat resistant to both further
                  | mutation and mutation removal. [Xom's grace]
 57519 | Depths:2 | Lost mutation: You are somewhat resistant to further
                  | mutation. [Xom's grace]
 57519 | Depths:2 | Gained mutation: You have hidden genetic potential. [Xom's
                  | grace]
 57620 | Depths:3 | XOM: 1-stop teleportation journey
 57632 | Depths:3 | XOM: potion effect (invisibility)
 57671 | Depths:3 | XOM: potion effect (curing)
 57694 | Depths:3 | XOM: potion effect (might)
 57701 | Depths:3 | XOM: potion effect (invisibility)
 57709 | Depths:3 | XOM: divination: magic mapping
 57838 | Depths:3 | XOM: summons friendly iron imp
 57844 | Depths:3 | XOM: enchant monster (good)
 57861 | Depths:3 | XOM: cast spell 'Malign Gateway'
 57886 | Depths:3 | XOM: scenery: create altars
 57895 | Depths:3 | XOM: enchant monster (bad)
 58020 | Depths:3 | XOM: god gift: wand of mindburst (1)
 58068 | Depths:3 | Reached XP level 27. HP: 352/355 MP: 23/23
 58135 | Depths:3 | Identified the +5 spear of Arrival {speed, rElec}
 58163 | Depths:3 | Found a one-way gate to the infinite horrors of the Abyss.
 58165 | Depths:3 | Found an iron altar of Okawaru.
 58185 | Depths:3 | XOM: give mutations
 58185 | Depths:3 | Gained mutation: You have an increased reservoir of magic.
                  | (+10% MP) [Xom's grace]
 58185 | Depths:3 | Gained mutation: You are strong-willed. (Will+) [Xom's
                  | grace]
 58185 | Depths:3 | Gained mutation: Your mind is very acute. (Int +8, Str/Dex
                  | -2) [Xom's grace]
 58219 | Depths:3 | Found a runed translucent gate.
 58220 | Depths:3 | Found a runed translucent gate.
 58221 | Depths:3 | Found a runed translucent gate.
 58223 | Depths:3 | Noticed Wiewnimod's ghost (veteran GrEE)
 58226 | Depths:3 | XOM: divine lightning
 58227 | Depths:3 | XOM: fog
 58232 | Depths:3 | XOM: divination: detect items
 58238 | Depths:3 | XOM: summons 4 friendly demons
 58252 | Depths:3 | Gained mutation: You occasionally lose the ability to read
                  | scrolls when taking damage. [mutagenic glow]
 58406 | Depths:3 | XOM: enchant monster (good)
 58425 | Depths:3 | Killed Wiewnimod's ghost
 58575 | Depths:3 | XOM: butterfly on damage
 59198 | Depths:3 | XOM: scenery: summon butterflies
 59229 | Depths:3 | XOM: noise
 59298 | Depths:3 | Identified the +5 pair of boots "Mouffull" {rElec}
 59485 | Depths:4 | Entered Level 4 of the Depths
 59503 | Depths:4 | Found a one-way gateway to a ziggurat.
 59515 | Depths:4 | XOM: polymorph tengu warrior -> red draconian
 59558 | Depths:4 | XOM: enchant monster (good)
 59718 | Depths:4 | XOM: cast spell 'Summon Ice Beast'
 59993 | Depths:4 | XOM: cast spell 'Metabolic Englaciation'
 60009 | Depths:4 | XOM: chaos upgrade
 60018 | Depths:4 | XOM: summons friendly shadow imp
 60034 | Depths:4 | XOM: chaos upgrade
 60382 | Depths:4 | XOM: silly message
 60434 | Depths:4 | XOM: polymorph deep troll shaman -> storm dragon
 60459 | Depths:4 | Found a gate to the Realm of Zot.
 60459 | Depths:4 | XOM: 2-stop teleportation journey
 60509 | Depths:4 | XOM: noise
 60587 | Depths:4 | XOM: 3-stop teleportation journey
 60588 | Depths:4 | Identified the +4 chain mail of Exclusion {Harm Will-
                  | Dex+3}
 60603 | Depths:4 | XOM: chaos upgrade
 60604 | Depths:4 | XOM: swap monsters
 60608 | Depths:4 | XOM: destruction
 60635 | Depths:4 | XOM: summons friendly white imp
 60676 | Depths:4 | Gained mutation: Your skin blends seamlessly with your
                  | surroundings (Stealth++). [hidden potential]
 60786 | Depths:4 | XOM: fog
 60812 | Depths:4 | Identified the ring "Zuapn" {rC- EV+5 Str+7 Int+4} (Xom
                  | gifted it to you on level 4 of the Depths)
 60812 | Depths:4 | XOM: god gift: ring "Zuapn" {rC- EV+5 Str+7 Int+4}
 60983 | Depths:4 | XOM: summons friendly iron imp
 60998 | Depths:4 | Noticed Margery
 61009 | Depths:4 | Killed Margery
 61017 | Depths:4 | XOM: enchant monster (bad)
 61021 | Depths:4 | XOM: confusion (+ monsters)
 61034 | Depths:4 | XOM: enchant monster (good)
 61036 | Depths:4 | Killed the ghostly Margery
 61423 | Hell     | Entered the Vestibule of Hell
 61423 | Hell     | Noticed Geryon
 61434 | Hell     | XOM: chaos upgrade
 61435 | Hell     | XOM: divination: magic mapping
 61440 | Hell     | XOM: noise
 61442 | Hell     | XOM: noise
 61458 | Hell     | Killed Geryon
 61630 | Depths:4 | XOM: cast spell 'Death Channel'
 61647 | Hell     | XOM: polymorph soul eater -> soul eater
 61673 | Depths:4 | XOM: silly message
 61832 | Depths:4 | XOM: repel stairs
 61878 | Depths:4 | XOM: give mutations
 61878 | Depths:4 | Gained mutation: You have supernaturally acute eyesight.
                  | (SInv) [Xom's grace]
 61878 | Depths:4 | Gained mutation: Your muscles are strong. (Str +4, Int/Dex
                  | -1) [Xom's grace]
 61878 | Depths:4 | Gained mutation: Your flesh is very heat resistant. (rF++)
                  | [Xom's grace]
 61878 | Depths:4 | Gained mutation: Your system is resistant to poisons.
                  | (rPois) [Xom's grace]
 62124 | Hell     | XOM: chaos upgrade
 62134 | Hell     | XOM: enchant monster (bad)
 62262 | Hell     | XOM: confuse monster(s)
 62266 | Hell     | XOM: potion effect (attraction)
 62338 | Hell     | XOM: potion effect (invisibility)
 62361 | Hell     | XOM: noise
 62553 | Hell     | Found a gateway to the Iron City of Dis.
 62598 | Hell     | Found a gateway to the freezing wastes of Cocytus.
 62698 | Hell     | Found a gateway to the decaying netherworld of Tartarus.
 62757 | Hell     | Found a gateway to the ashen valley of Gehenna.
 63011 | Orc:2    | Bought a scroll of vulnerability for 60 gold pieces
 63011 | Orc:2    | Bought a scroll of vulnerability for 60 gold pieces
 63011 | Orc:2    | Bought a scroll of fear for 60 gold pieces
 63011 | Orc:2    | Bought a scroll of revelation for 112 gold pieces
 63011 | Orc:2    | Bought a scroll of teleportation for 45 gold pieces
 63011 | Orc:2    | Bought a scroll of fear for 60 gold pieces
 63011 | Orc:2    | Bought 2 scrolls of enchant armour for 225 gold pieces
 63236 | D:5      | Bought a scroll of enchant weapon for 105 gold pieces
 63236 | D:5      | Bought a +0 dire flail for 56 gold pieces
 63236 | D:5      | Bought 2 potions of heal wounds for 140 gold pieces
 63246 | D:5      | Bought a scroll of enchant armour for 105 gold pieces
 63284 | D:6      | XOM: cloud trail
 63545 | Depths:3 | XOM: god gift: 2 javelins
 63553 | Depths:3 | Voluntarily entered the Abyss.
 63664 | Abyss:1  | XOM: fog
 63697 | Abyss:1  | XOM: swap monsters
 63782 | Abyss:1  | XOM: noise
 63859 | Abyss:1  | Found a corrupted altar of Lugonu.
 63896 | Abyss:1  | XOM: cleaving
 63950 | Abyss:2  | XOM: stealth player
 64121 | Abyss:3  | Found a corrupted altar of Lugonu.
 64190 | Abyss:3  | XOM: summons 13 hostile demons
 64353 | Abyss:3  | Found a corrupted altar of Lugonu.
 64453 | Abyss:3  | XOM: silly message
 64672 | Abyss:3  | XOM: noise
 64674 | Abyss:3  | XOM: potion effect (invisibility)
 64831 | Abyss:3  | XOM: confusion (+ monsters)
 65096 | Abyss:3  | Paralysed by accursed screaming for 1 turns
 65102 | Abyss:3  | Paralysed by accursed screaming for 1 turns
 65124 | Abyss:3  | XOM: polymorph small abomination -> small abomination
 65134 | Abyss:3  | XOM: blink monster(s)
 65160 | Abyss:3  | XOM: silly message
 65173 | Abyss:3  | XOM: cleaving
 65179 | Abyss:3  | XOM: swap monsters
 65183 | Abyss:3  | XOM: divination: magic mapping
 65184 | Abyss:3  | XOM: silly message
 65199 | Abyss:3  | XOM: swap monsters
 65225 | Abyss:3  | Gained mutation: Your natural rate of healing is unusually
                  | fast. [hidden potential]
 65225 | Abyss:3  | Lost mutation: You have hidden genetic potential. [hidden
                  | potential expressed]
 65237 | Abyss:3  | XOM: enchant monster (good)
 65241 | Abyss:3  | XOM: enchant monster (bad)
 65503 | Abyss:3  | Found a corrupted altar of Lugonu.
 65568 | Abyss:3  | XOM: fog
 65570 | Abyss:3  | Got an abyssal rune of Zot
 65595 | Abyss:3  | XOM: divination: magic mapping
 65618 | Abyss:3  | Found a corrupted altar of Lugonu.
 65623 | Abyss:3  | XOM: summons friendly white imp
 65653 | Abyss:3  | XOM: potion effect (haste)
 65757 | Abyss:3  | Found a hazy altar of Hepliaklqana.
 65766 | Depths:3 | Escaped the Abyss
 65767 | Depths:3 | Upgraded the game from 0.32-a0-141-g04fe69798e to
                  | 0.32-a0-171-g4625e66871
 65950 | D:10     | XOM: silly message
 66114 | Slime:1  | Entered Level 1 of the Pits of Slime
 66143 | Slime:1  | XOM: polymorph large slime creature -> cyclops
 66146 | Slime:1  | Reached skill level 15 in Shapeshifting
 66195 | Slime:1  | XOM: cleaving
 66197 | Slime:1  | XOM: 2-stop teleportation journey
 66480 | Slime:1  | XOM: noise
 66539 | Slime:1  | Gained mutation: You are clumsy. (Dex -2) [a shining eye]
 67103 | Slime:3  | XOM: give mutations
 67103 | Slime:3  | Lost mutation: Your body sometimes deteriorates upon taking
                  | damage. [Xom's mischief]
 67103 | Slime:3  | Lost mutation: You have an increased reservoir of magic.
                  | (+10% MP) [Xom's mischief]
 67103 | Slime:3  | Lost mutation: Your system is resistant to poisons. (rPois)
                  | [Xom's mischief]
 67128 | Slime:4  | XOM: chaos cloud
 67151 | Slime:5  | Entered Level 5 of the Pits of Slime
 67247 | Slime:5  | XOM: 1-stop teleportation journey
 67297 | Slime:5  | XOM: smoke on damage
 67413 | Slime:5  | Found a viscous altar of Jiyva.
 67424 | Slime:5  | Noticed the Royal Jelly
 67440 | Slime:5  | XOM: noise
 67444 | Slime:5  | Killed the Royal Jelly
 67463 | Slime:5  | XOM: noise
 67468 | Slime:5  | XOM: cleaving
 67473 | Slime:5  | XOM: stat loss: -1 Str (33/34)
 67477 | Slime:5  | XOM: confusion
 67493 | Slime:5  | XOM: swap monsters
 67499 | Slime:5  | XOM: swap monsters
 67578 | Slime:5  | Identified the amulet "Saudeats" {RegenMP Str+2 SInv}
 67580 | Slime:5  | Got a slimy rune of Zot
 67592 | Slime:5  | Identified the +1 leather armour of the Lost Path {Stlth+}
 67596 | Slime:5  | Identified the +1 robe of Eternal Vigilance {rC- Will+
                  | Regen+ Str+3}
 67720 | Slime:5  | Identified the staff "Miemyj" {rC+ Str+4 Int-5 Hexes Ice
                  | Alchemy}
 67811 | Slime:5  | Upgraded the game from 0.32-a0-171-g4625e66871 to
                  | 0.32-a0-290-g598725c5f2
 68169 | Slime:5  | XOM: summons 2 hostile demons
 68175 | Slime:5  | Learned a level 2 spell: Blink
 68180 | Slime:5  | Learned a level 4 spell: Manifold Assault
 68291 | Slime:1  | XOM: summons 14 hostile demons
 68407 | Geh:1    | Entered Level 1 of Gehenna
 68488 | Geh:2    | XOM: stat loss: -1 Dex (4/5)
 68495 | Geh:2    | Reached skill level 1 in Spellcasting
 68514 | Geh:2    | Reached skill level 1 in Translocations
 68514 | Geh:2    | XOM: enchant monster (bad)
 68523 | Geh:2    | XOM: summons 5 friendly demons
 68569 | Geh:2    | XOM: polymorph white imp -> crimson imp
 68705 | Geh:3    | XOM: give mutations
 68705 | Geh:3    | Lost mutation: Your flesh is cold resistant. (rC+) [Xom's
                  | mischief]
 68705 | Geh:3    | Lost mutation: You have a somewhat thin skeletal structure.
                  | (Dex +2, Stealth+) [Xom's mischief]
 68705 | Geh:3    | Lost mutation: You are strong-willed. (Will+) [Xom's
                  | mischief]
 68708 | Geh:3    | XOM: 2-stop teleportation journey
 68905 | Geh:4    | XOM: 1-stop teleportation journey
 68989 | Geh:4    | XOM: cleaving
 69029 | Geh:4    | XOM: summons 3 hostile demons
 69042 | Geh:4    | Upgraded the game from 0.32-a0-290-g598725c5f2 to
                  | 0.32-a0-292-g751ec8d2e7
 69226 | Geh:5    | XOM: noise
 69230 | Geh:5    | XOM: 1-stop teleportation journey
 69270 | Geh:5    | XOM: polymorph hellephant -> doom hound
 69283 | Geh:5    | XOM: noise
 69284 | Geh:5    | XOM: noise
 69313 | Geh:5    | XOM: chaos upgrade
 69342 | Geh:5    | XOM: summons 4 hostile demons
 69525 | Geh:5    | XOM: god gift: scroll of poison
 69587 | Geh:6    | XOM: noise
 69615 | Geh:6    | XOM: confusion (+ monsters)
 69676 | Geh:6    | XOM: scenery: summon butterflies
 69688 | Geh:7    | Entered Level 7 of Gehenna
 69707 | Geh:7    | XOM: summons 8 friendly demons
 69788 | Geh:7    | XOM: summons 2 friendly demons
 69803 | Geh:7    | Identified the ring of Uvviv {rPois Dex+6} (Xom gifted it
                  | to you on level 7 of Gehenna)
 69803 | Geh:7    | XOM: god gift: ring of Uvviv {rPois Dex+6}
 69815 | Geh:7    | XOM: confuse monster(s)
 69954 | Geh:7    | XOM: divination: detect creatures
 69987 | Geh:7    | Reached skill level 5 in Spellcasting
 69991 | Geh:7    | XOM: scenery: 1 doors open, 2 doors close
 70001 | Geh:7    | XOM: summons friendly ufetubus
 70309 | Geh:7    | Noticed a dread lich
 70325 | Geh:7    | Killed a dread lich
 70440 | Geh:7    | XOM: cleaving
 70454 | Geh:7    | XOM: summons friendly shadow imp
 70590 | Geh:7    | XOM: destruction
 70630 | Geh:7    | Reached skill level 5 in Translocations
 70642 | Geh:7    | XOM: give mutations
 70642 | Geh:7    | Lost mutation: You are covered in fur. (AC +1) [Xom's
                  | mischief]
 70642 | Geh:7    | Lost mutation: Your skin blends seamlessly with your
                  | surroundings (Stealth++). [Xom's mischief]
 70642 | Geh:7    | Lost mutation: Your skin changes colour to match your
                  | surroundings (Stealth+). [Xom's mischief]
 70658 | Geh:7    | Found the +13 sceptre of Asmodeus
 70658 | Geh:7    | Noticed Asmodeus
 70669 | Geh:7    | XOM: enchant monster (good)
 70684 | Geh:7    | XOM: potion effect (might)
 70686 | Geh:7    | Killed Asmodeus
 70691 | Geh:7    | XOM: give mutation
 70691 | Geh:7    | Lost mutation: Your natural rate of healing is unusually
                  | fast. [Xom's mischief]
 70722 | Geh:7    | Got an obsidian rune of Zot
 70807 | Geh:7    | XOM: divination: detect creatures
 71094 | Geh:7    | XOM: blink monster(s)
 71258 | Geh:7    | XOM: noise
 71653 | Pan      | Entered Pandemonium
 71735 | Pan      | XOM: summons 4 hostile demons
 71830 | Pan      | Found a runed translucent door.
 71841 | Pan      | Noticed Qotsus Sasia the pandemonium lord
 71851 | Pan      | XOM: enchant monster (bad)
 71859 | Pan      | Killed Qotsus Sasia the pandemonium lord
 71870 | Pan      | XOM: blink monster(s)
 72186 | Pan      | XOM: confusion (+ monsters)
 72360 | Pan      | XOM: silly message
 72439 | Pan      | Learned a level 4 spell: Vhi's Electric Charge
 72623 | Pan      | XOM: silly message
 72673 | Pan      | Noticed Urees the pandemonium lord
 72679 | Pan      | XOM: butterfly on damage
 72788 | Pan      | XOM: potion effect (experience)
 72863 | Pan      | XOM: summons friendly quasit
 72865 | Pan      | Gained mutation: Your magical capacity is low. (-10% MP) [a
                  | cacodemon]
 72981 | Pan      | XOM: polymorph balrug -> Ice Fiend
 73008 | Pan      | Identified the +5 short sword of the Hurtling Spider
                  | {drain, rC- Str+5}
 73046 | Pan      | Entered the realm of Lom Lobon.
 73202 | Pan      | XOM: silly message
 73397 | Pan      | XOM: divination: detect items
 73411 | Pan      | XOM: 3-stop teleportation journey
 73655 | Pan      | XOM: silly message
 73816 | Pan      | Noticed Lom Lobon
 73829 | Pan      | XOM: god gift: 2 potions of heal wounds
 73839 | Pan      | XOM: summons friendly shadow imp
 73849 | Pan      | XOM: blink monster(s)
 73860 | Pan      | Killed Lom Lobon
 73897 | Pan      | Reached skill level 15 in Maces & Flails
 73903 | Pan      | XOM: polymorph hellion -> crimson imp
 74071 | Pan      | Got a magical rune of Zot
 74131 | Pan      | XOM: 2-stop teleportation journey
 74219 | Pan      | Entered the realm of Gloorx Vloq.
 74236 | Pan      | XOM: enchant monster (bad)
 74603 | Pan      | Reached skill level 1 in Air Magic
 74650 | Pan      | Noticed Gloorx Vloq
 74656 | Pan      | XOM: confusion (+ monsters)
 74667 | Pan      | Killed Gloorx Vloq
 74788 | Pan      | Got a dark rune of Zot
 74828 | Pan      | XOM: polymorph soul eater -> orange demon
 75362 | Pan      | XOM: summons 6 hostile demons
 75537 | Pan      | XOM: divination: detect items
 75557 | Pan      | XOM: 10-stop teleportation journey
 75580 | Pan      | Noticed Mityoshre the pandemonium lord
 75590 | Pan      | XOM: swap monsters
 75610 | Pan      | Killed Mityoshre the pandemonium lord
 75611 | Pan      | Reached skill level 10 in Spellcasting
 75739 | Pan      | XOM: 2-stop teleportation journey
 75747 | Pan      | XOM: 1-stop teleportation journey
 75973 | Pan      | XOM: smoke on damage
 76068 | Pan      | XOM: give mutations
 76068 | Pan      | Lost mutation: You are robust. (+10% HP) [Xom's mischief]
 76068 | Pan      | Lost mutation: Your muscles are strong. (Str +4, Int/Dex
                  | -1) [Xom's mischief]
 76154 | Pan      | XOM: summons 3 friendly demons
 76299 | Pan      | Got a demonic rune of Zot
 76369 | Pan      | XOM: confuse monster(s)
 76397 | Pan      | XOM: give mutation
 76397 | Pan      | Lost mutation: Your mind is very acute. (Int +8, Str/Dex
                  | -2) [Xom's mischief]
 76426 | Pan      | XOM: butterfly on damage
 76474 | Pan      | Noticed Onal the pandemonium lord
 76484 | Pan      | Killed Onal the pandemonium lord
 77096 | Pan      | Entered the realm of Cerebov.
 77235 | Pan      | XOM: divination: detect creatures
 77438 | Pan      | XOM: enchant monster (bad)
 77446 | Pan      | XOM: summons 8 friendly demons
 77495 | Pan      | XOM: summons friendly iron imp
 77698 | Pan      | XOM: divination: detect items
 77702 | Pan      | XOM: scenery: 1 doors close
 77776 | Pan      | XOM: noise
 77804 | Pan      | Identified the amulet of Lugonu's Approval {Reflect Str+5
                  | SH+5}
 77811 | Pan      | XOM: polymorph balrug -> green death
 77869 | Pan      | Found the +6 sword of Cerebov {flame}
 77869 | Pan      | Noticed Cerebov
 78088 | Pan      | XOM: give mutations
 78088 | Pan      | Gained mutation: You are strong-willed. (Will+) [Xom's
                  | grace]
 78088 | Pan      | Gained mutation: You have large cloven feet. [Xom's grace]
 78110 | Pan      | XOM: 3-stop teleportation journey
 78304 | Pan      | XOM: cast spell 'Summon Small Mammal'
 78563 | Pan      | XOM: noise
 78577 | Pan      | Identified the +7 long sword "Worungym" {heavy, Will++}
 78589 | Pan      | XOM: potion effect (heal wounds)
 78595 | Pan      | Reached skill level 5 in Air Magic
 78598 | Pan      | XOM: noise
 78627 | Pan      | XOM: divination: detect creatures
 78651 | Pan      | XOM: smoke on damage
 78673 | Pan      | HP: 16/484 [Cerebov/great blast of fire (30)]
 78673 | Pan      | Killed Cerebov
 78795 | Pan      | XOM: god gift: 5 stones
 78906 | Pan      | Got Vehumet's Elucidation of Destruction
 78929 | Pan      | Identified the ring of Ycvauwk {rN+ Str+4}
 78975 | Pan      | Got a fiery rune of Zot
 78988 | Pan      | XOM: 7-stop teleportation journey
 79024 | Pan      | XOM: cast spell 'Cause Fear'
 79161 | Pan      | XOM: cloud trail
 79299 | Pan      | XOM: noise
 79442 | Pan      | XOM: enchant monster (bad)
 79484 | Pan      | Learned a level 6 spell: Dispersal
 79502 | Pan      | Noticed Evaeg the pandemonium lord
 79509 | Pan      | XOM: noise
 79561 | Pan      | XOM: cast spell 'Summon Mana Viper'
 79578 | Pan      | XOM: divination: magic mapping
 79588 | Pan      | Killed Evaeg the pandemonium lord
 79604 | Pan      | XOM: cast spell 'Summon Hydra'
 79674 | Pan      | XOM: god gift: scroll of immolation
 79848 | Pan      | Found an exit through the horrors of the Abyss.
 79933 | Pan      | XOM: confuse monster(s)
 80272 | Pan      | XOM: summons friendly quasit
 80356 | Pan      | XOM: god gift: scale mail {god gift}
 80457 | Pan      | XOM: give mutations
 80457 | Pan      | Gained mutation: Your spells are harder to cast, but more
                  | powerful. [Xom's grace]
 80457 | Pan      | Gained mutation: You possess an exceptional clarity of
                  | mind. [Xom's grace]
 80457 | Pan      | Gained mutation: You are resistant to electric shocks.
                  | (rElec) [Xom's grace]
 80668 | Pan      | Entered the realm of Mnoleg.
 80672 | Pan      | Noticed Ignacio
 80674 | Pan      | XOM: cleaving
 80688 | Pan      | Killed Ignacio
 80737 | Pan      | XOM: 3-stop teleportation journey
 80971 | Pan      | XOM: silly message
 81127 | Pan      | XOM: potion effect (berserk rage)
 81593 | Pan      | Gained mutation: Your health recovers twice as slowly from
                  | being drained. [a cacodemon]
 81600 | Pan      | Reached skill level 10 in Translocations
 82052 | Pan      | XOM: potion effect (invisibility)
 82146 | Pan      | Noticed Mnoleg
 82202 | Pan      | Killed Mnoleg
 82227 | Pan      | XOM: polymorph balrug -> shadow demon
 82230 | Pan      | Got a glowing rune of Zot
 82553 | Pan      | XOM: give mutations
 82553 | Pan      | Gained mutation: You are completely covered in iridescent
                  | scales. (AC +6) [Xom's grace]
 82553 | Pan      | Gained mutation: You have hidden genetic potential. [Xom's
                  | grace]
 82553 | Pan      | Gained mutation: Your spells are much harder to cast, but
                  | much more powerful. [Xom's grace]
 82553 | Pan      | Gained mutation: Your mind is very acute. (Int +8, Str/Dex
                  | -2) [Xom's grace]
 82576 | Pan      | XOM: silly message
 82632 | Pan      | Gained mutation: You occasionally lose the ability to drink
                  | potions when taking damage. [a cacodemon]
 82703 | Pan      | Identified the +1 kite shield of the Black Moon {rElec rN+
                  | MP-9 Slay+2}
 82830 | Pan      | Gained mutation: You are vulnerable to cold. (rC-) [a
                  | cacodemon]
 82885 | Pan      | XOM: divination: detect creatures
 82892 | Pan      | XOM: fake destruction
 82965 | Pan      | Acquired a manual of Translocations
 82975 | Pan      | XOM: 4-stop teleportation journey
 83028 | Pan      | Noticed Erchet the pandemonium lord
 83060 | Pan      | XOM: enchant monster (good)
 83063 | Pan      | XOM: cast spell 'Summon Horrible Things'
 83074 | Pan      | XOM: 4-stop teleportation journey
 83088 | Pan      | XOM: 1-stop teleportation journey
 83114 | Pan      | Upgraded the game from 0.32-a0-292-g751ec8d2e7 to
                  | 0.32-a0-312-g1d7162e751
 83246 | Pan      | XOM: noise
 83300 | Pan      | XOM: silly message
 83334 | Pan      | Lost mutation: You are completely covered in iridescent
                  | scales. (AC +6) [potion of mutation]
 83334 | Pan      | Lost mutation: You are resistant to electric shocks.
                  | (rElec) [potion of mutation]
 83334 | Pan      | Lost mutation: You are clumsy. (Dex -2) [potion of
                  | mutation]
 83335 | Pan      | Lost mutation: You possess an exceptional clarity of mind.
                  | [potion of mutation]
 83335 | Pan      | Lost mutation: Your spells are much harder to cast, but
                  | much more powerful. [potion of mutation]
 83335 | Pan      | Lost mutation: You occasionally lose the ability to drink
                  | potions when taking damage. [potion of mutation]
 83335 | Pan      | Gained mutation: Your flesh is almost immune to the effects
                  | of heat. (rF+++) [potion of mutation]
 83336 | Pan      | Lost mutation: Your mind is very acute. (Int +8, Str/Dex
                  | -2) [potion of mutation]
 83336 | Pan      | Lost mutation: Your mind is acute. (Int +4, Str/Dex -1)
                  | [potion of mutation]
 83336 | Pan      | Lost mutation: Your spells are harder to cast, but more
                  | powerful. [potion of mutation]
 83336 | Pan      | Gained mutation: You are completely covered in iridescent
                  | scales. (AC +6) [potion of mutation]
 83337 | Pan      | Lost mutation: You have hidden genetic potential. [potion
                  | of mutation]
 83337 | Pan      | Lost mutation: Your spells are a little harder to cast, but
                  | a little more powerful. [potion of mutation]
 83337 | Pan      | Gained mutation: Your spells are a little harder to cast,
                  | but a little more powerful. [potion of mutation]
 83338 | Pan      | Lost mutation: Your flesh is almost immune to the effects
                  | of heat. (rF+++) [potion of mutation]
 83338 | Pan      | Lost mutation: You occasionally lose the ability to read
                  | scrolls when taking damage. [potion of mutation]
 83338 | Pan      | Lost mutation: You are vulnerable to cold. (rC-) [potion of
                  | mutation]
 83338 | Pan      | Lost mutation: Your health recovers twice as slowly from
                  | being drained. [potion of mutation]
 83338 | Pan      | Lost mutation: Your magical capacity is low. (-10% MP)
                  | [potion of mutation]
 83338 | Pan      | Lost mutation: You are completely covered in iridescent
                  | scales. (AC +6) [potion of mutation]
 83338 | Pan      | Gained mutation: You have sharp fingernails. [potion of
                  | mutation]
 83449 | Pan      | Found an exit through the horrors of the Abyss.
 83540 | Pan      | XOM: scenery: 1 doors close
 83578 | Pan      | HP: 10/323 [hell beast[the player character] (8)]
 83579 | Pan      | Killed Erchet the pandemonium lord
 83689 | Pan      | XOM: scenery: 1 doors open
 83805 | Pan      | XOM: 1-stop teleportation journey
 84041 | Pan      | Found an exit through the horrors of the Abyss.
 84054 | Pan      | XOM: scenery: create altars
 84059 | Pan      | Gained mutation: You occasionally lose the ability to drink
                  | potions when taking damage. [a neqoxec]
 84106 | Pan      | Lost mutation: You are mostly covered in iridescent scales.
                  | (AC +4) [a neqoxec]
 84119 | Pan      | XOM: give mutations
 84119 | Pan      | Gained mutation: Your flesh is cold resistant. (rC+) [Xom's
                  | grace]
 84119 | Pan      | Gained mutation: You have a somewhat thin skeletal
                  | structure. (Dex +2, Stealth+) [Xom's grace]
 84119 | Pan      | Gained mutation: You are highly strong-willed. (Will++)
                  | [Xom's grace]
 84136 | Pan      | XOM: polymorph hellion -> soul eater
 84278 | Pan      | Identified the +3 shortbow "Giq Ankeuw" {drain, Str+4
                  | Int+2}
 84447 | Pan      | Noticed Cuficoux the pandemonium lord
 84461 | Pan      | Killed Cuficoux the pandemonium lord
 84484 | Pan      | XOM: polymorph hellion -> Executioner
 84628 | Pan      | XOM: divination: detect creatures
 84686 | Pan      | Found an exit through the horrors of the Abyss.
 84768 | Pan      | XOM: give mutations
 84768 | Pan      | Lost mutation: You have sharp fingernails. [Xom's mischief]
 84768 | Pan      | Lost mutation: Your flesh is cold resistant. (rC+) [Xom's
                  | mischief]
 84768 | Pan      | Lost mutation: You have large cloven feet. [Xom's mischief]
 84768 | Pan      | Lost mutation: You are partially covered in iridescent
                  | scales. (AC +2) [Xom's mischief]
 84816 | Pan      | XOM: give mutations
 84816 | Pan      | Gained mutation: You are partially covered in iridescent
                  | scales. (AC +2) [Xom's mischief]
 84816 | Pan      | Lost mutation: You are partially covered in iridescent
                  | scales. (AC +2) [Xom's mischief]
 84816 | Pan      | Lost mutation: Your flesh is very heat resistant. (rF++)
                  | [Xom's mischief]
 85167 | Pan      | Learned a level 5 spell: Summon Mana Viper
 85384 | Pan      | XOM: butterfly on damage
 85386 | Pan      | XOM: confusion (+ monsters)
 85504 | Pan      | XOM: summons friendly shadow imp
 85505 | Pan      | XOM: enchant monster (good)
 85588 | Pan      | Noticed Pyonuoz the pandemonium lord
 85601 | Pan      | XOM: blink monster(s)
 85611 | Pan      | XOM: enchant monster (good)
 85613 | Pan      | Killed Pyonuoz the pandemonium lord
 85625 | Pan      | Reached skill level 1 in Hexes
 85630 | Pan      | Reached skill level 1 in Summonings
 85674 | Pan      | XOM: polymorph hellwing -> chaos spawn
 85707 | Pan      | XOM: noise
 85938 | Pan      | Found an exit through the horrors of the Abyss.
 86020 | Pan      | XOM: scenery: create altars
 86376 | Pan      | XOM: confusion (+ monsters)
 86679 | Pan      | XOM: cloud trail
 86826 | Pan      | Gained mutation: You are clumsy. (Dex -2) [a neqoxec]
 86829 | Pan      | Found an exit through the horrors of the Abyss.
 86868 | Pan      | Found a huge runed translucent gate.
 86871 | Pan      | Found a huge runed translucent gate.
 86872 | Pan      | Found a huge runed translucent gate.
 86872 | Pan      | Found a huge runed translucent gate.
 86872 | Pan      | Found a huge runed translucent gate.
 86872 | Pan      | Found a huge runed translucent gate.
 86873 | Pan      | Found a huge runed translucent gate.
 86875 | Pan      | XOM: enchant monster (good)
 86877 | Pan      | Noticed Nawits the pandemonium lord
 86901 | Pan      | Killed Nawits the pandemonium lord
 87089 | Pan      | XOM: cast spell 'Monstrous Menagerie'
 87108 | Pan      | XOM: chaos cloud
 87287 | Pan      | XOM: blink monster(s)
 87552 | Pan      | XOM: give mutations
 87552 | Pan      | Lost mutation: You have supernaturally acute eyesight.
                  | (SInv) [Xom's mischief]
 87552 | Pan      | Lost mutation: Your flesh is heat resistant. (rF+) [Xom's
                  | mischief]
 87552 | Pan      | Lost mutation: You occasionally lose the ability to drink
                  | potions when taking damage. [Xom's mischief]
 87627 | Pan      | XOM: noise
 87637 | Pan      | XOM: silly message
 87834 | Depths:2 | Escaped Pandemonium
 87961 | Zot:1    | Entered Level 1 of the Realm of Zot
 88013 | Zot:1    | Noticed an orb of fire
 88015 | Zot:1    | XOM: confuse monster(s)
 88028 | Zot:1    | Killed an orb of fire
 88050 | Zot:1    | Identified the +4 whip of Spite {flame, ^Fragile rPois
                  | rCorr Int+4}
 88051 | Zot:1    | Got the Atlas of The Black Sun
 88121 | Zot:1    | XOM: god gift: ring of protection from cold
 88258 | Zot:1    | XOM: cast spell 'Olgreb's Toxic Radiance'
 88268 | Zot:1    | XOM: scenery: create altars
 89200 | Zot:2    | XOM: summons friendly orange demon
 89235 | Zot:2    | Identified the +9 spear of War {heavy, Int+4}
 89263 | Zot:2    | XOM: scenery: create altars
 89273 | Zot:2    | XOM: fog
 89302 | Zot:2    | XOM: scenery: summon butterflies
 89303 | Zot:2    | XOM: scenery: summon butterflies
 89313 | Zot:2    | XOM: summons 15 friendly demons
 89559 | Zot:2    | XOM: scenery: create altars
 89576 | Zot:2    | XOM: divination: detect items
 89616 | Zot:2    | XOM: destruction
 89712 | Zot:2    | XOM: give mutations
 89712 | Zot:2    | Gained mutation: Your system is resistant to poisons.
                  | (rPois) [Xom's grace]
 89712 | Zot:2    | Gained mutation: Your mind is acute. (Int +4, Str/Dex -1)
                  | [Xom's grace]
 89712 | Zot:2    | Gained mutation: You are partially covered in iridescent
                  | scales. (AC +2) [Xom's grace]
 90003 | Zot:3    | XOM: enchant monster (good)
 90049 | Zot:3    | Reached skill level 5 in Hexes
 90065 | Zot:3    | XOM: 4-stop teleportation journey
 90110 | Zot:3    | XOM: cloud trail
 90147 | Zot:3    | Reached skill level 5 in Summonings
 90191 | Zot:3    | XOM: divination: detect items
 90330 | Zot:3    | XOM: cleaving
 90394 | Zot:3    | XOM: stat loss: -1 Int (18/19)
 90548 | Zot:3    | XOM: god gift: 29 gold pieces
 90551 | Zot:3    | Identified the +6 quarterstaff "Byoshrok" {vamp, *Slow
                  | rPois rF++ Int+9}
 90585 | Zot:3    | XOM: scenery: create altars
 90913 | Zot:4    | Found a transporter.
 91001 | Zot:4    | XOM: give mutations
 91001 | Zot:4    | Gained mutation: You expend magic power (3 MP) to
                  | strengthen your wands. [Xom's grace]
 91001 | Zot:4    | Gained mutation: Your flesh is cold resistant. (rC+) [Xom's
                  | grace]
 91001 | Zot:4    | Gained mutation: You are somewhat resistant to further
                  | mutation. [Xom's grace]
 91001 | Zot:4    | Lost mutation: You are clumsy. (Dex -2) [Xom's grace]
 91519 | Zot:4    | Found a transporter.
 91547 | Zot:4    | Reached skill level 10 in Air Magic
 91682 | Zot:4    | Noticed an orb of fire
 91682 | Zot:4    | Noticed an ancient lich
 91689 | Zot:4    | Noticed an orb of fire
 91715 | Zot:4    | XOM: cleaving
 91732 | Zot:4    | Noticed an orb of fire
 91734 | Zot:4    | Killed an orb of fire
 91747 | Zot:4    | XOM: destruction
 91748 | Zot:4    | Killed an orb of fire
 91748 | Zot:4    | XOM: scenery: summon butterflies
 91962 | Zot:4    | XOM: summons friendly iron imp
 91974 | Zot:4    | Killed an orb of fire
 91978 | Zot:4    | XOM: enchant monster (good)
 91984 | Zot:5    | Entered Level 5 of the Realm of Zot
 92086 | Zot:4    | Killed an ancient lich
 92104 | Zot:4    | XOM: confuse monster(s)
 92266 | Zot:4    | Identified the +2 scimitar of Givoshr Hulu {venom, Dex+3
                  | SInv}
 92278 | Zot:4    | Identified the ring of the Pharaoh's Fist {rN+ SInv Stlth+}
 92293 | Zot:4    | Identified the ring of the Sybil {Wiz rN+ rCorr Dex-4}
 92564 | Zot:5    | Reached skill level 15 in Spellcasting
 92565 | Zot:5    | XOM: summons friendly hellwing
 92597 | Zot:5    | XOM: god gift: 645 gold pieces
 92754 | Depths:4 | XOM: god gift: book of the Wilderness
 92779 | Zig:1    | Entered Level 1 of a ziggurat
 92786 | Zig:1    | Learned a level 5 spell: Arcjolt
 92803 | Zig:2    | Entered Level 2 of a ziggurat
 92958 | Zig:3    | Entered Level 3 of a ziggurat
 92961 | Zig:3    | Noticed an ancient lich
 92973 | Zig:3    | XOM: god gift: box of beasts
 92973 | Zig:3    | Killed an ancient lich
 92982 | Zig:3    | Identified the +3 mace of Eternal Vigilance {flame, Dex+2}
 92995 | Zig:4    | Entered Level 4 of a ziggurat
 92997 | Zig:4    | Found the +7 great mace "Undeadhunter" {deathbane, rN+}
 93010 | Zig:4    | Reached skill level 1 in Conjurations
 93019 | Zig:4    | Identified the staff of Accord {*Slow ^Fragile rN+ SInv
                  | Conj Necro}
 93143 | Zig:5    | Entered Level 5 of a ziggurat
 93148 | Zig:5    | XOM: enchant monster (good)
 93152 | Zig:5    | XOM: scenery: summon butterflies
 93245 | Zig:5    | Identified the +10 war axe of Wrath {pain, rElec Will+
                  | Str+2}
 93246 | Zig:5    | Identified the +11 dire flail "Piuha" {freeze, ^Fragile
                  | rF++ rCorr Int+2}
 93251 | Zig:6    | Entered Level 6 of a ziggurat
 93264 | Zig:6    | XOM: summons friendly shadow imp
 93377 | Zig:6    | Found the +2 cloak of the Thief {*Fog Slay-2 SInv Stlth+}
 93398 | Zig:6    | Identified the +3 quarterstaff "Ileynwaa" {freeze, rN+
                  | Str+3 SInv Stlth+}
 93405 | Zig:6    | Identified the +8 great sword of Rygire {elec, Str+4}
 93424 | Zig:7    | Entered Level 7 of a ziggurat
 93428 | Zig:7    | XOM: destruction
 93430 | Zig:7    | Paralysed by a wendigo for 1 turns
 93435 | Zig:7    | XOM: divine lightning
 93444 | Zig:7    | XOM: 1-stop teleportation journey
 93539 | Zig:7    | Identified the staff "Taituup" {^Contam rPois rN+ Ice
                  | Alchemy}
 93541 | Zig:7    | Identified the ring of Culodwupt {Wiz rPois Int+2 Dex+4}
 93549 | Zig:8    | Entered Level 8 of a ziggurat
 93564 | Zig:8    | XOM: summons friendly iron imp
 93566 | Zig:8    | Reached skill level 15 in Translocations
 93566 | Zig:8    | XOM: chaos upgrade
 93717 | Zig:8    | Identified the +6 spear "Cyas" {antimagic, rF+++ Str-2
                  | Int+5}
 93743 | Zig:9    | Entered Level 9 of a ziggurat
 93747 | Zig:9    | Noticed a dread lich
 93747 | Zig:9    | Noticed an ancient lich
 93765 | Zig:9    | Killed a dread lich
 93774 | Zig:9    | Killed an ancient lich
 93887 | Zig:9    | Identified the staff of Ashenzari, Grinning {Dex+2 Conj}
 93905 | Zig:10   | Entered Level 10 of a ziggurat
 93914 | Zig:10   | Noticed Castyq the pandemonium lord
 93917 | Zig:10   | XOM: butterfly on damage
 93918 | Zig:10   | XOM: blink monster(s)
 93957 | Depths:4 | XOM: god gift: scroll of acquirement
 93960 | Depths:4 | Acquired the amulet "Gihen" {RegenMP rPois rN+ MP+9}
 94187 | Coc:1    | Entered Level 1 of Cocytus
 94385 | Hell     | XOM: divination: detect creatures
 94464 | Hell     | XOM: silly message
 94938 | Vaults:4 | You paid a toll of 8 scrolls of fear to enter a treasure
                  | trove
 94939 | Trove    | Entered a treasure trove
 94944 | Trove    | Found the +10 tower shield of Ignorance {rN+ Int-4}
 94946 | Trove    | Identified the scarf of Keniroli {repulsion, Regen+ Str+3}
 94968 | Trove    | Identified the +0 cloak of Rano {Stlth+}
 94970 | Trove    | Identified the ring "Enitromn" {rC+ Dex+6 Stlth+}
 94974 | Trove    | Got the Directory of Obstruction
 94975 | Trove    | Identified the ring of Liarisu {rPois rN+ Will++ Int-2
                  | SInv}
 94976 | Trove    | Identified the ring "Nibbeil" {^Drain rPois EV+5 Int+7
                  | Stlth+}
 95179 | D:12     | XOM: silly message
 95469 | D:12     | Found a shimmering altar of Xom.
 95471 | D:12     | Found a shimmering altar of Xom.
 95473 | D:12     | Found a shimmering altar of Xom.
 95475 | D:12     | Found a shimmering altar of Xom.
 95476 | D:12     | Found a shimmering altar of Xom.
 95825 | D:3      | Killed Ijyb
 95871 | D:3      | Killed Robin
 96283 | Elf:1    | XOM: divination: detect items
 96399 | Elf:2    | Identified the blade talisman of the Red Alphagorgon {rPois
                  | rC+}
 96426 | Elf:2    | XOM: summons 8 friendly demons
 96473 | Elf:2    | XOM: cleaving
 96484 | Elf:2    | XOM: cast spell 'Monstrous Menagerie'
 96935 | D:14     | XOM: 1-stop teleportation journey
 97031 | Depths:3 | XOM: god gift: wand of light (7)
 97209 | Zot:5    | Noticed an orb of fire
 97209 | Zot:5    | Noticed an orb of fire
 97209 | Zot:5    | Noticed an orb of fire
 97209 | Zot:5    | Noticed an ancient lich
 97209 | Zot:5    | XOM: 1-stop teleportation journey
 97210 | Zot:5    | Gained mutation: You occasionally lose the ability to drink
                  | potions when taking damage. [an orb of fire]
 97224 | Zot:5    | Got the Orb of Zot
 97227 | Zot:5    | Noticed an ancient lich
 97265 | Zot:3    | XOM: smoke on damage
 97275 | Zot:3    | Noticed Xualab the pandemonium lord
 97354 | Zot:1    | XOM: confuse monster(s)
 97474 | Depths:3 | Noticed Veut the pandemonium lord
 97474 | Depths:3 | XOM: summons friendly ufetubus
 97795 | D:$      | Escaped with the Orb!

Illustrated notes

Levels and vault maps discovered:
D:1:      wander_arrival_estate, layout_rooms, hellmonk_ecumenical_altar_zigzags
D:2:      layout_basic
D:3:      minmay_chambers_of_threes, layout_basic, serial_forest,
          infiniplex_forest_lined_4_way, infiniplex_forest_3_way,
          infiniplex_forest_lined_3, infiniplex_forest_clump_medium,
          infiniplex_forest_end_3, infiniplex_forest_clump_small,
          infiniplex_forest_corner_1, minmay_misc_feat_cross, uniq_sigmund,
          uniq_grinder, uniq_robin, uniq_ijyb
D:4:      layout_rooms, gammafunk_temple_of_torment, uniq_pikel
D:5:      layout_rooms, serial_shops, shop, nicolae_shop_bloodbath_and_beyond,
          shop, nicolae_stop_n_shop_2, nicolae_shop_rolling_square
D:6:      layout_loops_corners
D:7:      layout_loops_ring, grunt_temple_overflow_open,
          minmay_temple_entry_butterflies
D:8:      layout_rooms, erik_lair_island, nicolae_diode_stairs
D:9:      layout_gridville, serial_shops, nicolae_shop_behind_doors, uniq_grum
D:10:     layout_roguey
D:11:     layout_big_octagon, erik_orc_2, gammafunk_ghost_necromancy,
          uniq_sonja, uniq_erica
D:12:     layout_basic, uniq_jorgrun
D:13:     layout_roguey, david_vaults_5, nicolae_vehumet_altar_sigil
D:14:     layout_basic, corexii_hall_statues_i
D:15:     hangedman_depths_entry_civil_slaughter, layout_long_grid,
          nicolae_ru_awakened_eye
Lair:1:   cheibrodos_lair_river_kwai, layout_gridlike,
          nicolae_lair_liquid_snakes, lemuel_fruit_tree
Lair:2:   layout_chaotic_city, uniq_nergalle, uniq_fannar
Lair:3:   layout_small_grid, minmay_swamp_entry_swarm,
          nicolae_snake_entry_warm_welcome
Lair:4:   layout_long_grid, grunt_megastairs_4
Lair:5:   evil_forest, layout_regular_city, nicolae_slime_entry_slimehenge,
          gauntlet_entry_generic, serial_bayou_shore_a
Swamp:1:  layout_falls_marsh, infiniplex_staircase_pool, uniq_louise
Swamp:2:  layout_falls_marsh, gammafunk_ghost_mausoleum, serial_swamp_ruin,
          evilmike_swamp_ruin_rubble_1, evilmike_swamp_ruin_house_1
Swamp:3:  layout_basic_swamp, evilmike_swamp_ruin_house_6
Swamp:4:  swamp_basic_johnstein, layout_basic_swamp, swamp_pool_1_2
Snake:1:  layout_layer_cave, drop_trap, nicolae_snake_omega
Snake:2:  minmay_snake_river, layout_honeycomb, nicolae_snake_lava_pool
Snake:3:  layout_chambers, minmay_shop_grove, uniq_agnes
Snake:4:  johnstein_snake_rune_scales, layout_rooms, minmay_snake_pond,
          uniq_nikola
Slime:1:  layout_caves, nicolae_slime_phagocytosis
Slime:2:  layout_caves, nicolae_slime_barrier
Slime:3:  layout_caves
Slime:4:  nicolae_slime_infinislime, layout_caves, basic_altar
Slime:5:  slime_pit_nicolae_amoeboid
Orc:1:    dreamdust_dug_too_deep, layout_diamond_mine, basic_altar,
          regret_index_xom_of_box
Orc:2:    st_orc_open, layout_diamond_mine, nicolae_orc_tapped_out
Elf:1:    eino_elf_arrival_sip, layout_gridlike, serial_shops, shop_fountains,
          nicolae_elf_crossing_hall, lemuel_upstairs_altar, uniq_norris,
          uniq_kirke, uniq_frances
Elf:2:    elven_hall_of_blades_hangedman_original
          [nicolae_blade_entry_crossed_weapons], layout_geoelf_octagon,
          serial_shops, nicolae_shop_stone, st_stairs_4
Elf:3:    minmay_elf_hall_dome, layout_loops_cross
Vaults:1: nicolae_vaults_network_square, ontoclasm_vaults_chip,
          ontoclasm_vaults_ring_small, v_misc_31, lemuel_angel_altar,
          ontoclasm_vaults_twist, nicolae_vaults_little_squares_6, serial_ice_h,
          ontoclasm_vaults_decontamination, layout_vaults_chaotic_city,
          uniq_zenata
Vaults:2: nicolae_vaults_layer_cake_slice, nicolae_vaults_tetromino_L_2,
          v_rooms_2, nicolae_vaults_closet_pinwheel_6,
          nicolae_vaults_trapezoid_2, vaults_dpeg_encased_lava,
          ontoclasm_vaults_loading_screen, v_alt_pattern_2, v_misc_26,
          layout_vaults_ring, serial_shops, nicolae_lakefront_shop
Vaults:3: portal_desolation_entry_nicolae_nacl, grunt_vaults_swirl,
          nicolae_vaults_taking_the_gang_shopping, ontoclasm_vaults_hangar,
          minmay_crypt_entry_simple_statues, nicolae_vaults_yaktaur_gun_rack,
          nicolae_vaults_bisected_slash, hangedman_vaults_nails,
          nicolae_vaults_halls_meeting, ontoclasm_vaults_pinch,
          ontoclasm_vaults_fault, vaults_room_hallway, layout_vaults_big_cross,
          uniq_saint_roka, uniq_frederick
Vaults:4: hangedman_vaults_hat, hangedman_vaults_slither,
          hangedman_vaults_stream, v_alt_pattern_4,
          nicolae_vaults_little_guard_posts, vaults_mumra_chevron,
          vaults_room_large_hall, v_pattern_4,
          vaults_standard_mumra_enter_the_diamond,
          nicolae_vaults_closet_pinwheel_1, vaults_room_semicircle,
          layout_vaults_omnibox, enter_trove_2, uniq_mara
Vaults:5
Crypt:1:  statuecave_lemuel, layout_misc_corridors, basic_altar,
          small_statue_intersection, pandoras_box_mu, grunt_crypt_arrival_split
Crypt:2:  layout_regular_city, item_on_display_a, uniq_xtahua
Crypt:3:  cryptofortress_bobbens
Depths:1: layout_cave_pools, hangedman_decor_cross_pass, hangedman_coc_ice_floe,
          zin_statuary, serial_bayou_shore_b, uniq_bai_suzhen, uniq_enchantress
Depths:2: minmay_the_grid_four_pointed_star
          [minmay_the_grid_triangle_9x9_descending_squares,
          minmay_the_grid_triangle_9x9_skeleton,
          minmay_the_grid_triangle_9x9_zippers_vertical,
          minmay_the_grid_triangle_9x9_impossible_snake,
          minmay_the_grid_prize_inner_circle], layout_gridlike,
          grunt_mini_vestibule, pan_entry, serial_shops,
          nicolae_shop_hallway_stairs, minmay_staircase_windowed_small
Depths:3: evilmike_iron_armoury, layout_cave_pools, corexii_corridor_pit,
          pf_hell_entry_tar_spiral, gammafunk_ghost_tricky_traps, abyss_entry,
          serial_co_window_serial, co_window_corner_a, co_window_corner_a,
          co_window_corner_a, co_window_paths_b, co_window_of_opportunity_a,
          co_window_broadway_b, co_window_paths_c, glass_columns_b,
          glass_columns_a, glass_columns_b, glass_columns_a, glass_columns_a
Depths:4: grunt_runaround [grunt_runaround_zot, grunt_runaround_doors_1,
          grunt_runaround_doors_2, grunt_runaround_doors_3,
          grunt_runaround_doors_4], hell_entry, uniq_margery
Hell
Geh:1:    layout_gehenna_lava_caves
Geh:2:    layout_gehenna_pools_triple
Geh:3:    layout_gehenna_pools_box
Geh:4:    layout_gehenna_pools_triple
Geh:5:    layout_gehenna_pools_triple
Geh:6:    layout_gehenna_lava_caves
Geh:7:    geh_hangedman
Coc:1:    layout_cocytus_water_paths
Zot:1:    dreamdust_black_sun_cult, layout_concentric_octagons
Zot:2:    layout_onion
Zot:3:    layout_misc_corridors
Zot:4:    gammafunk_dig_for_victory, layout_misc_corridors,
          regret_index_zotdec_icy_dp
Zot:5:    layout_misc_corridors

Skill      XL: |  1  2  3  4  5  6  7  8  9 10 11 12 13 14 15 16 17 18 19 20 21 22 23 24 25 26 27 |
---------------+----------------------------------------------------------------------------------+-----
Fighting       | 5 6 8 9 11 13 16 18 20 21 22 23 24 25 26 27 | 27.0
Dodging        | 3 4 5 6 7 9 10 11 12 13 | 13.9
Maces & Flails | 4 6 7 8 9 11 12 13 14 16 | 16.0
Throwing       | 3 6 8 9 11 12 13 14 15 16 17 18 24 | 24.9
Evocations     | 3 4 6 8 9 10 11 12 | 12.2
Shields        | 5 9 10 11 12 13 14 15 16 17 22 | 22.9
Armour         | 4 9 10 11 12 13 14 15 16 18 23 | 23.9
Shapeshifting  | 4 7 8 10 11 19 | 19.6
Stealth        | 2 6 9 10 11 | 11.2
Spellcasting   | 15 | 15.6
Translocations | 15 | 15.3
Air Magic      | 11 | 11.0
Hexes          | 6 |  6.1
Summonings     | 7 |  7.4
Conjurations   | 3 |  3.6

Action                     |  1- 3 |  4- 6 |  7- 9 | 10-12 | 13-15 | 16-18 | 19-21 | 22-24 | 25-27 || total
---------------------------+-------+-------+-------+-------+-------+-------+-------+-------+-------++-------
  Melee: Mace              |    72 |     5 |       |       |       |       |       |       |       ||    77
         Headbutt          |     7 |    12 |    50 |   107 |   145 |   239 |   371 |   681 |  2428 ||  4040
         Punch             |     1 |     2 |    17 |    38 |    55 |       |       |       |       ||   113
         Flail             |       |    49 |   300 |   145 |       |       |       |       |       ||   494
         Morningstar       |       |       |       |   360 |   656 |   302 |       |       |       ||  1318
         Kick              |       |       |       |       |   110 |    83 |    43 |       |   766 ||  1002
         Demon whip        |       |       |       |       |       |   662 |  1269 |  1905 |  2065 ||  5901
         Sacred scourge    |       |       |       |       |       |       |    11 |    38 |  2532 ||  2581
         Bite              |       |       |       |       |       |       |     2 |   212 |       ||   214
         Eveningstar       |       |       |       |       |       |       |       |       |  3350 ||  3350
  Throw: Dart              |       |       |       |     9 |       |       |       |       |       ||     9
         Large rock        |       |       |       |    10 |     4 |    15 |     6 |    33 |   370 ||   438
         Javelin           |       |       |       |     1 |       |     4 |       |       |    74 ||    79
   Cast: Manifold Assault  |       |       |       |       |       |       |       |       |   185 ||   185
         Arcjolt           |       |       |       |       |       |       |       |       |     9 ||     9
         Vhi's Electric Ch |       |       |       |       |       |       |       |       |     6 ||     6
         Blink             |       |       |       |       |       |       |       |       |     3 ||     3
         Summon Mana Viper |       |       |       |       |       |       |       |       |     1 ||     1
  Evoke: Wand              |       |       |     1 |    13 |     3 |     4 |     7 |     9 |    17 ||    54
         Phial of floods   |       |       |       |       |     1 |     1 |       |     1 |     3 ||     6
         Condenser vane    |       |       |       |       |     1 |       |     2 |     1 |     1 ||     5
         Phantom mirror    |       |       |       |       |       |       |     1 |       |     4 ||     5
         Tin of tremorston |       |       |       |       |       |       |       |     2 |       ||     2
         Lightning rod     |       |       |       |       |       |       |       |     1 |       ||     1
         Horn of Geryon    |       |       |       |       |       |       |       |       |     9 ||     9
         Sack of spiders   |       |       |       |       |       |       |       |       |     5 ||     5
    Use: Potion            |       |     3 |       |     7 |     7 |    11 |     6 |     7 |    52 ||    93
         Scroll            |       |     3 |     7 |     6 |    12 |     9 |     6 |     7 |    52 ||   102
   Stab: Sleeping          |       |       |     1 |       |     2 |     5 |     4 |    23 |    50 ||    85
         Invisible         |       |       |       |     4 |     1 |     3 |     1 |     1 |    23 ||    33
         Confused          |       |       |       |       |     2 |     3 |     3 |     3 |    16 ||    27
         Distracted        |       |       |       |       |     2 |     3 |     2 |     3 |    58 ||    68
         Paralysed         |       |       |       |       |       |       |     3 |       |     2 ||     5
         Petrified         |       |       |       |       |       |       |       |     5 |     2 ||     7
         Petrifying        |       |       |       |       |       |       |       |       |     2 ||     2
         Held in net/web   |       |       |       |       |       |       |       |       |     1 ||     1
 Armour: Robe              |    60 |    50 |   210 |   145 |    15 |       |       |       |       ||   480
         Steam dragon scal |       |       |       |   160 |   312 |       |       |       |       ||   472
         Shadow dragon sca |       |       |       |       |   155 |   463 |   599 |   772 |   511 ||  2500
         Storm dragon scal |       |       |       |       |       |       |       |       |  1285 ||  1285
         Acid dragon scale |       |       |       |       |       |       |       |       |  2411 ||  2411
  Dodge: Dodged            |    48 |    43 |   279 |   437 |   476 |   263 |   336 |   690 |  3789 ||  6361
         Repelled          |       |       |       |       |       |       |       |       |     1 ||     1
  Block: Other             |       |       |       |       |    26 |       |       |       |       ||    26
         Reflection        |       |       |       |       |     5 |    48 |    93 |     3 |       ||   149
         Kite shield       |       |       |       |       |   194 |   783 |   942 |  1189 |  5150 ||  8258

Table legend: (Time is in decaauts)
 A = Elapsed time spent in this place.
 B = Non-inter-level travel time spent in this place.
 C = Inter-level travel time spent in this place.
 D = Time resting spent in this place.
 E = Time spent auto-exploring this place.
 F = Levels seen in this place.
 G = Mean time per level.
                   A        B        C        D        E       F      G
               +--------+--------+--------+--------+--------+-----+--------+
         Total |  93160 |  84827 |   8333 |  15126 |  46778 |  94 |  991.1 |
       Dungeon |  18660 |  15661 |   2999 |   2537 |  10065 |  15 | 1244.0 |
          Lair |   8243 |   7131 |   1112 |    932 |   4800 |   5 | 1648.6 |
         Swamp |   3686 |   3445 |    241 |    612 |   2112 |   4 |  921.5 |
     Snake Pit |   7646 |   7363 |    283 |   2037 |   4139 |   4 | 1911.5 |
    Slime Pits |   1938 |   1898 |     40 |    277 |    778 |   5 |  387.6 |
  Orcish Mines |   2159 |   1720 |    439 |    358 |    998 |   2 | 1079.5 |
   Elven Halls |   3402 |   3049 |    353 |    191 |   1932 |   3 | 1134.0 |
        Vaults |   8139 |   7058 |   1081 |    580 |   4605 |   5 | 1627.8 |
         Crypt |   2862 |   2684 |    178 |     70 |   1785 |   3 |  954.0 |
        Depths |   7355 |   6178 |   1177 |   1583 |   3005 |   4 | 1838.8 |
          Hell |   1079 |   1021 |     58 |    459 |    293 |   1 | 1079.0 |
       Gehenna |   2596 |   2507 |     89 |    395 |    817 |   7 |  370.9 |
       Cocytus |     11 |     11 |      0 |      0 |      0 |   1 |   11.0 |
           Zot |   4830 |   4552 |    278 |    707 |   2818 |   5 |  966.0 |
         Abyss |   1846 |   1846 |      0 |     26 |    707 |   3 |  615.3 |
   Pandemonium |  15587 |  15587 |      0 |   3308 |   7256 |  14 | 1113.4 |
      Ziggurat |   1121 |   1121 |      0 |    645 |     37 |  10 |  112.1 |
         Trove |     57 |     57 |      0 |      0 |      6 |   1 |   57.0 |
    Desolation |   1176 |   1176 |      0 |    164 |    338 |   1 | 1176.0 |
      Gauntlet |    758 |    758 |      0 |    242 |    284 |   1 |  758.0 |
               +--------+--------+--------+--------+--------+-----+--------+

Top non-repeatable levels by time:
Depths:4: 2997 daAuts
 Snake:3: 2866 daAuts
    D:13: 2343 daAuts
  Lair:5: 2137 daAuts
    D:12: 2058 daAuts
Depths:3: 2015 daAuts
Vaults:1: 1964 daAuts
  Lair:3: 1929 daAuts
  Lair:1: 1893 daAuts
 Snake:1: 1821 daAuts
    D:11: 1818 daAuts
 Snake:4: 1583 daAuts
Vaults:5: 1573 daAuts
Vaults:4: 1570 daAuts
Vaults:3: 1562 daAuts
